 Dungeon Crawl Stone Soup version 0.30-a0-165-g1891117ce2 (webtiles) character file.

Game seed: 5117231038090680213

587648 qw the Slayer (level 27, 1/1 HPs)
             Began as a Gargoyle Fighter on Sept 28, 2022.
             Was a Believer of the Shining One.
             Quit the game on level 1 of the Tomb of the Ancients.
             The game lasted 00:48:31 (90763 turns).

qw the Slayer (Gargoyle Fighter)                   Turns: 90763, Time: 00:48:32

Health: 1/1        AC: 69    Str: 30    XL:     27
Magic:  46/46      EV: 16    Int: 16    God:    the Shining One [**....]
Gold:   1851       SH: 29    Dex: 19    Spells: 26/26 levels left

rFire   + + .      SeeInvis .    k - +8 mithril axe "Arga" {speed, Will+}
rCold   + . .      Faith    .    b - +0 tower shield
rNeg    + + .      Spirit   .    l - +3 crystal plate armour of Wismem {Str+2 Dex+2}
rPois   inf        Reflect  +    v - +2 hat of Ulusurall {rC+ MP+9 Str+2}
rElec   +          Harm     .    m - +1 cloak "Ylus" {Contam Rampage Regen+ Dex+8}
rCorr   +          Rampage  +    h - +2 pair of gloves
Will    +++..      Clarity  +    c - +2 pair of boots
Stlth   ..........               I - amulet of reflection
HPRegen 0.80/turn                D - ring "Neclauth" {rCorr EV+4 Str+3}
MPRegen 0.30/turn                y - ring of Feohaar {rF++ rCorr AC+4 Str-4 Int+2}

@: flying, glowing
A: sickness immunity, AC +20, big wings, negative energy resistance 1,
electricity resistance, torment resistance 1, petrification resistance, antennae
1, hooves 1, clarity, deterioration 1, weak 1
}: 3/15 runes: serpentine, barnacled, silver
a: Renounce Religion, Divine Shield


You were on level 1 of the Tomb of the Ancients.
You worshipped the Shining One.
The Shining One was pleased with you.
You visited 11 branches of the dungeon, and saw 49 of its levels.
You visited the Abyss 1 time.

You collected 9644 gold pieces.
You spent 7793 gold pieces at shops.


Innate Abilities, Weirdness & Mutations

You are immune to sickness and miasma.
Your stone body is resilient. (AC +20)
You are immune to poison.
Your large and strong wings let you fly.
You resist negative energy. (rN+)
You are resistant to electric shocks. (rElec)
You are resistant to unholy torment.
You are immune to petrification.
You have a pair of small antennae on your head.
You have large cloven feet.
You possess an exceptional clarity of mind.
Your body sometimes deteriorates upon taking damage.
You are weak. (Str -2)


   Skills:
 - Level 24.6 Fighting
 - Level 18.0 Axes
 - Level 14.0 Throwing
 - Level 23.0 Armour
 - Level 11.0 Dodging
 - Level 22.0 Shields
 + Level 20.3 Invocations


You had 26 spell levels left.
You didn't know any spells.
Your spell library was empty.

Inventory:

Hand Weapons
 k - the +8 mithril axe "Arga" (weapon) {speed, Will+}
   (Okawaru gifted it to you on level 5 of the Lair of Beasts)

   Attacks with this weapon are significantly faster.
   Will:      It increases your willpower.
Missiles
 n - 31 javelins (quivered)
Armour
 b - a +0 tower shield (worn)
 c - a +2 pair of boots (worn)
 h - a +2 pair of gloves (worn)
 l - the +3 crystal plate armour of Wismem (worn) {Str+2 Dex+2}
   (Okawaru gifted it to you on level 4 of the Vaults)

   Str:       It affects your strength (+2).
   Dex:       It affects your dexterity (+2).
 m - the +1 cloak "Ylus" (worn) {Contam Rampage Regen+ Dex+8}
   (You found it on level 4 of the Depths)

   Dex:       It affects your dexterity (+8).
   Contam:    It causes magical contamination when unequipped.
   Regen:     It increases your rate of health regeneration.
   Rampage:   It bestows one free step when moving towards enemies.
 p - +2 acid dragon scales
 t - +0 gold dragon scales
 v - the +2 hat of Ulusurall (worn) {rC+ MP+9 Str+2}
   (Okawaru gifted it to you on level 2 of the Depths)

   Str:       It affects your strength (+2).
   rC:        It protects you from cold.
   MP:        It affects your magic capacity (+9).
 A - the +1 pair of gloves "Hummehegg" {-Tele Fly rElec Regen+}
   (Okawaru gifted it to you on level 1 of the Depths)

   rElec:     It insulates you from electricity.
   Fly:       It grants you flight.
   -Tele:     It prevents most forms of teleportation.
   Regen:     It increases your rate of health regeneration.
Jewellery
 u - the ring "Vamiffir" {rC+ Str+4 Int-3 Stlth+}
   (You bought it in a shop on level 1 of the Snake Pit)

   [ring of protection from cold]

   Str:       It affects your strength (+4).
   Int:       It affects your intelligence (-3).
   rC:        It protects you from cold.
   Stlth:     It makes you more stealthy.
 x - the ring of Oqocireng {rPois rC+ rN+ Will+++ Dex-3}
   (You took it off a necromancer on level 3 of the Crypt)

   [ring of positive energy]

   Dex:       It affects your dexterity (-3).
   rC:        It protects you from cold.
   rPois:     It protects you from poison.
   rN:        It protects you from negative energy.
   Will:      It greatly increases your willpower.
 y - a ring of Feohaar (right hand) {rF++ rCorr AC+4 Str-4 Int+2}
   (You bought it in a shop on level 2 of the Orcish Mines)

   [ring of protection]

   AC:        It affects your AC (+4).
   Str:       It affects your strength (-4).
   Int:       It affects your intelligence (+2).
   rF:        It greatly protects you from fire.
   rCorr:     It protects you from acid and corrosion.
 C - the ring of Wyaxiot {*Slow rC+++ rN+ Int-5 SInv}
   (You found it on level 3 of the Crypt)

   [ring of positive energy]

   Int:       It affects your intelligence (-5).
   rC:        It renders you almost immune to cold.
   rN:        It protects you from negative energy.
   SInv:      It lets you see invisible.
   *Slow:     It may slow you when you take damage.
 D - the ring "Neclauth" (left hand) {rCorr EV+4 Str+3}
   (You bought it in a shop on level 2 of the Snake Pit)

   [ring of evasion]

   EV:        It affects your evasion (+4).
   Str:       It affects your strength (+3).
   rCorr:     It protects you from acid and corrosion.
 F - a +4 ring of evasion
 I - an amulet of reflection (around neck)
 K - the ring of the Shining Light {Fire Str+2}
   (You bought it in a shop on level 2 of the Snake Pit)

   [ring of fire]

   It enhances your fire magic.
   Str:       It affects your strength (+2).
   rF:        It protects you from fire.
   rC:        It makes you vulnerable to cold.
 Y - the ring "Xik Liu" {rC+ Str+6}
   (You took it off a fire giant on level 2 of the Depths)

   [ring of protection from cold]

   Str:       It affects your strength (+6).
   rC:        It protects you from cold.
Wands
 q - a wand of digging (8)
Scrolls
 a - 4 scrolls of brand weapon
 e - 30 scrolls of identify
 g - 9 scrolls of enchant weapon
 r - 18 scrolls of teleportation
 E - 15 scrolls of enchant armour
Potions
 d - 12 potions of might
 f - 6 potions of cancellation
 i - 23 potions of curing
 j - 7 potions of heal wounds
 o - 8 potions of haste
 s - 8 potions of attraction
 w - 9 potions of lignification
 z - 4 potions of resistance
 G - a potion of magic
 J - 6 potions of mutation

Dungeon Overview and Level Annotations

Branches:
Dungeon (15/15)            Temple (1/1) D:4            Lair (5/5) D:9
 Shoals (4/4) Lair:3        Snake (4/4) Lair:3        Slime (0/5) Lair:5
    Orc (2/2) D:11            Elf (0/3) Orc:2        Vaults (5/5) D:13
  Crypt (3/3) Vaults:2       Tomb (2/3) Crypt:3      Depths (4/4) D:15
    Zot (4/5) Depths:4

Altars:
Ashenzari
Cheibriados
Dithmenos
Elyvilon
Fedhas
Gozag
Hepliaklqana
Kikubaaqudgha
Makhleb
Nemelex Xobeh
Okawaru
Qazlal
Ru
Sif Muna
Trog
Uskayaw
Vehumet
Wu Jian
Xom
Yredelemnul
Zin
The Shining One
Jiyva

Shops:
D:3 !:   D:5 ((   D:6 !   D:8 (   D:9 ?   D:12 :   Orc:2 *[[=(   Snake:1 =
Snake:2 =::=   Snake:3 ?   Snake:4 ?=   Vaults:1 [   Vaults:2 [   Vaults:4 (
Vaults:5 !

Portals:
Hell: Depths:1 Depths:2 Depths:3 Depths:4
Abyss: Depths:1 Depths:3
Pandemonium: Depths:2 Depths:4
Ziggurat: Depths:1

Annotations:
D:10 3 runed translucent doors, Eliym's ghost, novice HOFi
D:11 2 runed translucent doors, Vexag's ghost, novice HOMo
D:12 Rupert
D:13 3 runed translucent doors, Dirphi Vium's ghost, journeyman MiBe
D:14 3 runed translucent doors, qw's ghost, journeyman GrFi
Shoals:2 1 runed translucent door
Snake:1 2 transporters, Gygal Fez's ghost, adept MiFi
Crypt:1 3 runed translucent doors, Waammiq's ghost, veteran GrEE
Depths:4 6 runed translucent doors
Zot:1 1 runed translucent door, qw's ghost, veteran GrFi
Zot:3 1 runed translucent door, Sebriys's ghost, legendary TrBe


Message History

Enter note:
Enter note:
Enter note:
Enter note:
Enter note:
Enter note:
Enter note:
Enter note:
Enter note:
Enter note:
Enter note:
Enter note: Done exploring.
Done exploring.
There is an open door here.
You see here a scroll of fog.
There is an open door here.
There is a one-way staircase leading down here.
Done exploring.
Done exploring.
There is an open door here.
There is an open door here.
You see here a +0 chain mail.
There is an open door here.
There is an open door here.
There is a one-way staircase leading down here.
Done exploring.
Done exploring.
Zot has nearly found you.
Suffering is imminent.
Descend or flee this branch!
Done exploring.
Done exploring.
There is a one-way staircase leading down here.
Done exploring.
Done exploring.
There is an open door here.
There is an open door here.
You see here a +0 chain mail.
There is an open door here.
Zot's power touches on you...
HP restored.
Are you sure you want to abandon this character and quit the game? (Confirm with "yes".)

................#..##..........#
...##############..##..........#
''###..#....#...#[.##..........#
...##..#....#...#..##..........#
.8.####?........'####..........#
...##.(............##..........#
...##..............##..........#
.8.####..........####..........#
...##...........@..##..........#
...##^.............##..........#
.8.####'...^....'####./........#
...##..#....#...#..##..........#
...##..#....#...#.>##..........#
.8.##################..........#
...##################..........#
...............................#
.8.............................#


There were no monsters in sight!

Vanquished Creatures
  A dread lich (Crypt:3)
  Tiamat (Zot:2)
  An orb of fire (Zot:3)
  2 ancient liches
  A juggernaut (Depths:2)
  14 royal mummies
  Bai Suzhen (Crypt:1)
  A curse toe (Zot:3)
  Vashnia (Snake:3)
  5 Killer Klowns (Zot:2)
  Saint Roka (Orc:2)
  3 caustic shrikes (Depths:1)
  12 golden dragons
  A bone dragon (Depths:4)
  A Tzitzimitl (Crypt:1)
  2 doom hounds (Crypt:1)
  3 electric golems
  17 tentacled monstrosities
  Jorgrun (Shoals:3)
  Zenata (Vaults:1)
  Grunn (Crypt:1)
  4 deep elf master archers
  5 liches
  16 titans
  3 deep elf blademasters
  8 quicksilver dragons
  2 tentacled starspawn (Abyss:3)
  10 death cobs
  An Executioner (Depths:4)
  7 ancient champions
  7 shadow dragons
  A kraken (Shoals:3)
  Agnes (D:15)
  10 sphinxes
  8 tengu reavers
  Kirke (Lair:4)
  16 storm dragons
  2 revenants
  Donald (Shoals:1)
  A draconian monk (Zot:2)
  Roxanne (Snake:4)
  6 nagarajas
  2 iron dragons (Vaults:4)
  9 draconian knights
  19 frost giants
  18 fire giants
  4 deep elf sorcerers
  A shard shrike simulacrum (Crypt:3)
  7 draconian scorchers
  9 vault wardens
  4 draconian stormcallers
  Aizul (Snake:4)
  Louise (Shoals:1)
  4 curse skulls
  4 orc warlords
  A ghoul (Crypt:3)
  3 draconian annihilators
  A ghost moth (Zot:4)
  16 ironbound preservers
  4 draconian shifters
  A war gargoyle (Vaults:5)
  A caustic shrike skeleton (Depths:2)
  A reaper (Crypt:1)
  2 juggernaut skeletons (Depths:2)
  35 stone giants
  9 vampire knights
  16 very ugly things
  7 ironbound thunderhulks
  Nessos (D:15)
  6 black draconians
  9 purple draconians
  2 putrid mouths (Crypt:1)
  2 deep elf demonologists
  9 dire elephants
  19 green draconians
  A deep elf annihilator (Vaults:5)
  14 white draconians
  12 yellow draconians
  3 minotaurs (Shoals:4)
  A bunyip (shapeshifter) (Vaults:5)
  A spark wasp (shapeshifter) (Vaults:2)
  2 blizzard demons (Depths:3)
  2 spark wasps (Depths:2)
  An acid blob zombie (Crypt:1)
  11 red draconians
  2 merfolk javelineers
  A deep elf death mage (Vaults:5)
  6 eidola
  12 mummy priests
  2 merfolk impalers
  3 great orbs of eyes
  10 jiangshi
  9 ettins
  10 fire dragons
  15 yaktaur captains
  An entropy weaver (Vaults:2)
  A deep elf high priest (Vaults:5)
  A spriggan zombie (Crypt:1)
  2 rakshasas
  8 ice dragons
  A hell beast (Depths:4)
  7 salamander tyrants
  A quicksilver dragon skeleton (Depths:2)
  5 hydras
  2 catoblepae
  2 spriggan air magi
  Erica (D:8)
  2 alligator snapping turtles
  8 ironbound frosthearts
  10 anacondas
  4 ogre magi
  3 boulder beetles
  12 two-headed ogres
  3 death knights
  34 vault guards
  11 centaur warriors
  A merfolk avatar (Shoals:2)
  5 deep troll shamans
  2 merfolk aquamancers
  2 tengu warriors (D:15)
  10 satyrs
  10 naga warriors
  12 death scarabs
  3 spriggan berserkers (Depths:2)
  13 vampire magi
  A bennu skeleton (Crypt:2)
  10 shock serpents
  9 deep troll earth magi
  12 naga sharpshooters
  Sonja (D:10)
  A shock serpent (shapeshifter) (Vaults:5)
  A sun demon (Abyss:3)
  A storm dragon zombie (Vaults:3)
  11 hell knights
  3 orc high priests
  Urug (D:13)
  4 deep elf knights
  2 soul eaters
  A wretched star (Abyss:3)
  20 sea snakes
  A sixfirhy (Abyss:3)
  36 skeletal warriors
  7 salamander mystics
  59 deep trolls
  7 iron trolls
  6 starcursed masses (Abyss:3)
  4 shadow wraiths
  7 deep elf archers
  A storm dragon skeleton (Depths:2)
  3 flayed ghosts
  4 glowing orange brains
  4 naga ritualists
  2 bog bodies (Crypt:3)
  An orb spider (Abyss:3)
  19 phantasmal warriors
  21 wizards
  9 lindwurms
  22 ironbound convokers
  2 spriggan simulacra
  4 harpies (Shoals:4)
  3 golden dragon skeletons (Depths:2)
  4 deep elf zephyrmancers
  8 mana vipers
  A harpy (shapeshifter) (D:14)
  3 shadow dragon skeletons (Depths:2)
  4 deep elf pyromancers
  6 necromancers
  17 orc knights
  A wolf spider (D:15)
  4 cyclopes
  15 manticores
  33 ugly things
  2 oklob plants (Lair:1)
  2 tengu skeletons (Depths:2)
  3 orc sorcerers (Orc:2)
  3 sphinx skeletons
  28 fauns
  11 salamanders
  20 moths of wrath
  4 frost giant skeletons
  An eleionoma skeleton (Crypt:3)
  3 iron dragon skeletons
  9 merfolk sirens
  A naga zombie (Tomb:1)
  3 fire giant skeletons (Depths:2)
  An elephant (shapeshifter) (Depths:3)
  A rust devil (Depths:4)
  14 elephants (Lair:5)
  An apocalypse crab (Abyss:3)
  17 naga magi
  7 guardian serpents
  2 ice statues (Depths:3)
  36 black mambas
  15 vault sentinels
  9 water nymphs
  A draconian skeleton (Crypt:1)
  4 gargoyles
  A storm dragon simulacrum (Vaults:2)
  Psyche (D:8)
  A purple draconian zombie (Crypt:3)
  A naga skeleton (Tomb:2)
  17 yaktaurs
  10 cane toads
  3 centaur skeletons (Crypt:1)
  An orange demon (Depths:4)
  A yellow draconian zombie (Crypt:2)
  An unseen horror (D:13)
  3 rime drakes
  13 freezing wraiths
  2 tengu conjurers
  A komodo dragon (shapeshifter) (D:13)
  2 efreet
  10 komodo dragons
  A dire elephant skeleton (Crypt:3)
  26 guardian mummies
  An alligator snapping turtle skeleton (Crypt:3)
  A black draconian skeleton (Crypt:2)
  A red devil (Depths:4)
  An anaconda simulacrum (Abyss:3)
  2 ancient zymes (Abyss:3)
  A sea snake skeleton (Crypt:2)
  8 trolls
  7 wind drakes
  21 merfolk
  7 hornets
  4 polar bears (Lair:5)
  Grinder (D:6)
  33 slime creatures
  A tengu simulacrum (Crypt:3)
  4 raiju (Abyss:3)
  21 blink frogs
  4 harpy skeletons
  An ettin zombie (Crypt:3)
  11 large abominations
  3 dream sheep (Lair:5)
  12 snapping turtles
  A centaur simulacrum (D:14)
  39 flying skulls
  A ynoxinul (Abyss:3)
  A culicivora (shapeshifter) (Vaults:4)
  44 yaks
  6 spriggan skeletons
  2 ettin skeletons
  7 water elementals
  15 spriggans
  8 ushabtiu
  A vampire (Abyss:3)
  9 wraiths
  17 humans
  A wyvern (Lair:3)
  A wind drake zombie (Crypt:2)
  A steam dragon (Lair:2)
  A basilisk (D:12)
  A wind drake skeleton (Crypt:3)
  A hog (shapeshifter) (D:14)
  4 hogs (Lair:4)
  8 vampire mosquitoes
  A human simulacrum (Vaults:3)
  A neqoxec (Abyss:3)
  4 chaos spawn
  A two-headed ogre zombie (Crypt:1)
  4 wargs
  35 nagas
  2 glowing shapeshifter skeletons (Depths:2)
  18 water moccasins
  27 orc warriors
  6 black bears
  An ogre skeleton (Vaults:2)
  2 sky beasts (D:6)
  An ice beast (D:6)
  A blink frog zombie (Crypt:3)
  23 wolves
  12 ogres
  4 boggarts (Lair:5)
  6 centaurs
  A torpor snail zombie (Crypt:2)
  A phantom (D:5)
  3 kobold brigands
  17 bullfrogs
  13 small abominations
  A necrophage (Crypt:3)
  4 gnoll sergeants
  A human skeleton (Vaults:3)
  2 scorpions
  A salamander skeleton (Crypt:2)
  10 wights (D:9)
  A raiju zombie (Crypt:1)
  4 killer bees (D:10)
  2 electric eels (Snake:3)
  A howler monkey (D:11)
  A yak skeleton (Crypt:1)
  2 lava snakes (D:11)
  A quasit (Abyss:3)
  3 gnoll boudas
  4 hounds (D:5)
  6 jellies
  19 orc priests
  5 iguanas
  Natasha (twice) (D:2)
  22 orc wizards
  An acid dragon skeleton (Crypt:1)
  27 mummies
  Robin (D:3)
  18 gnolls
  4 adders
  A steam dragon skeleton (Crypt:1)
  2 white imps
  4 ufetubi
  A dart slug (D:1)
  46 orcs
  7 endoplasms
  3 giant cockroaches
  A gnoll zombie (Crypt:3)
  10 goblins
  17 hobgoblins
  6 jackals
  2 quokkas
  6 ball pythons
  8 bats
  3 frilled lizards
  A frilled lizard skeleton (Crypt:3)
  15 kobolds
  6 rats
  A river rat skeleton (Crypt:2)
  A lurking horror (Abyss:3)
  4 starspawn tentacles (Abyss:3)
2180 creatures vanquished.

Vanquished Creatures (collateral kills)
  A dread lich (Crypt:3)
  9 royal mummies
  A lich (Crypt:3)
  3 titans
  A fire giant (Crypt:3)
  4 ghouls (Crypt:3)
  2 frost giants
  A stone giant (Tomb:1)
  A deep elf death mage (Crypt:3)
  An eidolon (Crypt:3)
  2 mummy priests
  A death knight (Crypt:3)
  2 death scarabs (Tomb:1)
  2 skeletal warriors (Tomb:2)
  A golden dragon zombie (Crypt:3)
  A deep elf zephyrmancer (Crypt:3)
  A necromancer (Crypt:3)
  A phantasmal warrior (Crypt:3)
  A dire elephant skeleton (Crypt:3)
  6 guardian mummies
  An ushabti (Tomb:2)
  A wraith (Crypt:3)
  5 mummies
49 creatures vanquished.

Vanquished Creatures (others)
  A stone giant (Crypt:1)
  A shadow wraith (Vaults:5)
  A bush (Lair:5)
  54 fungi
  111 plants
  5 starspawn tentacles (Abyss:3)
  4 tentacles (Shoals:3)
177 creatures vanquished.

Grand Total: 2406 creatures vanquished

Notes
Turn   | Place    | Note
-------+----------+-------------------------------------------
     0 | D:1      | qw the Gargoyle Fighter began the quest for the Orb.
     0 | D:1      | Reached XP level 1. HP: 14/14 MP: 1/1
     0 | D:1      | 0 ||| qw: Version: 0.2-a-12-gaebbb33
     0 | D:1      | 0 ||| qw: Game counter: 744
     0 | D:1      | 0 ||| qw: Always use a shield: true
     0 | D:1      | 0 ||| qw: God list: Okawaru
     0 | D:1      | 0 ||| qw: Allow faded altars: false
     0 | D:1      | 0 ||| qw: Do Orc after D:15 true
     0 | D:1      | 0 ||| qw: Do second Lair branch before Depths: true
     0 | D:1      | 0 ||| qw: Lair rune preference: random
     0 | D:1      | 0 ||| qw: Plans: Normal, Zot:1-4, God:TSO, Crypt, Tomb,
                  | Pan, Slime:5, Hells, Abyss, Orb
     0 | D:1      | 0 ||| PLANNING D:1-11
   254 | D:1      | 254 ||| Stepping ~*~*~tactically~*~*~ (stealth).
   275 | D:1      | Reached XP level 2. HP: 10/19 MP: 2/2
   631 | D:1      | Reached skill level 3 in Axes
   744 | D:1      | 744 ||| Stepping ~*~*~tactically~*~*~ (stealth).
   745 | D:1      | 745 ||| Stepping ~*~*~tactically~*~*~ (stealth).
   755 | D:1      | Reached XP level 3. HP: 23/23 MP: 3/3
   763 | D:1      | 763 ||| Stepping ~*~*~tactically~*~*~ (stealth).
   765 | D:1      | 765 ||| Stepping ~*~*~tactically~*~*~ (stealth).
   951 | D:1      | 951 ||| Stepping ~*~*~tactically~*~*~ (stealth).
   958 | D:1      | 958 ||| Stepping ~*~*~tactically~*~*~ (hiding).
  1002 | D:1      | 1002 ||| Stepping ~*~*~tactically~*~*~ (stealth).
  1003 | D:1      | 1003 ||| Stepping ~*~*~tactically~*~*~ (stealth).
  1138 | D:1      | 1138 ||| READING scroll labelled XAMOF TIUS.
  1205 | D:2      | Found a faded altar of an unknown god.
  1271 | D:2      | 1271 ||| Stepping ~*~*~tactically~*~*~ (stealth).
  1330 | D:2      | 1330 ||| DROPPING +0 club.
  1341 | D:2      | 1341 ||| DROPPING +1 vorpal hand axe.
  1357 | D:2      | Found a shimmering altar of Xom.
  1380 | D:2      | 1380 ||| Stepping ~*~*~tactically~*~*~ (stealth).
  1547 | D:2      | Reached XP level 4. HP: 28/28 MP: 4/4
  1645 | D:2      | Noticed Natasha
  1650 | D:2      | Killed Natasha
  1787 | D:2      | Noticed Natasha
  1788 | D:2      | 1788 ||| Stepping ~*~*~tactically~*~*~ (hiding).
  1797 | D:2      | Killed Natasha
  1834 | D:2      | 1834 ||| Stepping ~*~*~tactically~*~*~ (stealth).
  1882 | D:2      | Reached XP level 5. HP: 32/32 MP: 5/5
  1883 | D:2      | 1883 ||| Stepping ~*~*~tactically~*~*~ (stealth).
  1888 | D:2      | 1888 ||| Stepping ~*~*~tactically~*~*~ (stealth).
  1889 | D:2      | 1889 ||| Stepping ~*~*~tactically~*~*~ (stealth).
  1890 | D:2      | 1890 ||| Stepping ~*~*~tactically~*~*~ (stealth).
  2075 | D:2      | 2075 ||| UPGRADING to +0 plate armour.
  2085 | D:2      | 2085 ||| DROPPING +0 scale mail.
  2086 | D:2      | 2086 ||| UPGRADING to +2 pair of gloves.
  2091 | D:2      | 2091 ||| READING scroll labelled UCKITE WIWABU.
  2092 | D:2      | 2092 ||| DRINKING 2 fizzy brown potions.
  2093 | D:2      | 2093 ||| DROPPING potion of flight.
  2175 | D:3      | Found Gaxuol's Distillery.
  2178 | D:3      | 2178 ||| BUYING potion of cancellation (96 gold).
  2178 | D:3      | Bought a potion of cancellation for 96 gold pieces
  2178 | D:3      | 2178 ||| BUYING potion of curing (36 gold).
  2178 | D:3      | Bought a potion of curing for 36 gold pieces
  2178 | D:3      | 2178 ||| SHOPLISTING potion of haste (120 gold, have 90).
  2178 | D:3      | 2178 ||| BUYING potion of heal wounds (60 gold).
  2178 | D:3      | Bought a potion of heal wounds for 60 gold pieces
  2178 | D:3      | 2178 ||| SHOPLISTING potion of resistance (120 gold, have
                  | 30).
  2182 | D:3      | Noticed Robin
  2188 | D:3      | Killed Robin
  2308 | D:3      | 2308 ||| DROPPING +0 mace.
  2377 | D:3      | Found Hyigoyno's Book Shoppe.
  2487 | D:3      | You fall into a shaft and drop 2 floors!
  2487 | D:5      | Entered Level 5 of the Dungeon
  2488 | D:5      | 2488 ||| UPGRADING to +0 helmet.
  2493 | D:5      | 2493 ||| DROPPING scarf of invisibility.
  2494 | D:5      | 2494 ||| UPGRADING to ring of willpower.
  2495 | D:5      | 2495 ||| READING scroll labelled DUKIAG OWNITHU.
  2496 | D:5      | 2496 ||| READING scroll labelled VIEZOT NIMEI.
  2498 | D:5      | Found Heimpad's Weapon Boutique.
  2624 | D:3      | 2624 ||| READING 2 scrolls of identify.
  2624 | D:3      | 2624 ||| IDENTIFYING inky potion
  2866 | D:4      | Found a staircase to the Ecumenical Temple.
  2867 | D:4      | 2867 ||| PLANNING TEMPLE
  2875 | Temple   | Entered the Ecumenical Temple
  2894 | Temple   | 2894 ||| PLANNING OKAWARU WORSHIP
  3113 | Temple   | Became a worshipper of Warmaster Okawaru
  3114 | Temple   | 3114 ||| PLANNING D:1-11
  3164 | D:4      | Found a snail-covered altar of Cheibriados.
  3181 | D:4      | 3181 ||| Stepping ~*~*~tactically~*~*~ (stealth).
  3182 | D:4      | 3182 ||| Stepping ~*~*~tactically~*~*~ (stealth).
  3183 | D:4      | 3183 ||| Stepping ~*~*~tactically~*~*~ (stealth).
  3198 | D:4      | 3198 ||| Stepping ~*~*~tactically~*~*~ (stealth).
  3200 | D:4      | 3200 ||| Stepping ~*~*~tactically~*~*~ (stealth).
  3318 | D:4      | Reached skill level 4 in Fighting
  3318 | D:4      | Reached XP level 6. HP: 28/38 MP: 6/6
  3408 | D:4      | 3408 ||| Stepping ~*~*~tactically~*~*~ (stealth).
  3437 | D:4      | 3437 ||| Stepping ~*~*~tactically~*~*~ (stealth).
  3447 | D:4      | 3447 ||| Stepping ~*~*~tactically~*~*~ (stealth).
  3448 | D:4      | 3448 ||| Stepping ~*~*~tactically~*~*~ (stealth).
  3451 | D:4      | 3451 ||| Stepping ~*~*~tactically~*~*~ (stealth).
  3454 | D:4      | 3454 ||| Stepping ~*~*~tactically~*~*~ (hiding).
  3455 | D:4      | 3455 ||| Stepping ~*~*~tactically~*~*~ (hiding).
  3457 | D:4      | 3457 ||| Stepping ~*~*~tactically~*~*~ (hiding).
  3762 | D:4      | 3762 ||| Stepping ~*~*~tactically~*~*~ (hiding).
  3900 | D:4      | 3900 ||| DROPPING +0 flail.
  4021 | D:4      | 4021 ||| DROPPING +2 chain mail of poison resistance.
  4022 | D:4      | 4022 ||| UPGRADING to +6 ring of strength.
  4023 | D:4      | 4023 ||| UPGRADING to +6 ring of dexterity.
  4025 | D:4      | 4025 ||| DROPPING ring of positive energy.
  4026 | D:4      | 4026 ||| DROPPING ring of willpower.
  4074 | D:5      | Reached skill level 1 in Dodging
  4103 | D:5      | Reached * piety under Okawaru
  4104 | D:5      | Reached XP level 7. HP: 43/43 MP: 7/7
  4143 | D:5      | Reached skill level 6 in Axes
  4171 | D:5      | 4171 ||| INVOKING Heroism.
  4172 | D:5      | 4172 ||| INVOKING Heroism.
  4178 | D:5      | Reached skill level 1 in Invocations
  4204 | D:5      | 4204 ||| Stepping ~*~*~tactically~*~*~ (stealth).
  4214 | D:5      | Found a shadowy altar of Dithmenos.
  4285 | D:5      | 4285 ||| Stepping ~*~*~tactically~*~*~ (stealth).
  4288 | D:5      | Reached skill level 3 in Invocations
  4347 | D:5      | 4347 ||| INVOKING Heroism.
  4364 | D:5      | 4364 ||| INVOKING Heroism.
  4368 | D:5      | Reached ** piety under Okawaru
  4369 | D:5      | Reached XP level 8. HP: 30/48 MP: 7/10
  4534 | D:5      | 4534 ||| INVOKING Heroism.
  4640 | D:5      | 4640 ||| Stepping ~*~*~tactically~*~*~ (stealth).
  4656 | D:5      | 4656 ||| Stepping ~*~*~tactically~*~*~ (stealth).
  4671 | D:5      | Found Vuotulul's Weapon Emporium.
  4688 | D:5      | 4688 ||| Stepping ~*~*~tactically~*~*~ (stealth).
  4690 | D:5      | 4690 ||| INVOKING Heroism.
  4699 | D:5      | Reached skill level 5 in Fighting
  4901 | D:5      | 4901 ||| INVOKING Heroism.
  4955 | D:5      | Reached skill level 1 in Throwing
  4970 | D:5      | 4970 ||| UPGRADING to +0 kite shield.
  4980 | D:5      | 4980 ||| DROPPING +0 buckler.
  4981 | D:5      | 4981 ||| UPGRADING to amulet of the acrobat.
  4986 | D:5      | 4986 ||| READING scroll labelled YMISTUCZUM.
  4987 | D:5      | 4987 ||| READING 3 scrolls labelled WOCU GOUPHIPN.
  4988 | D:5      | 4988 ||| READING scroll labelled MUDEIS DISEUSI.
  4989 | D:5      | 4989 ||| READING 4 scrolls of identify.
  4989 | D:5      | 4989 ||| IDENTIFYING cyan potion
  4990 | D:5      | 4990 ||| DROPPING 2 scrolls of blinking.
  5022 | D:6      | 5022 ||| Stepping ~*~*~tactically~*~*~ (stealth).
  5067 | D:6      | 5067 ||| INVOKING Heroism.
  5136 | D:6      | 5136 ||| INVOKING Heroism.
  5190 | D:6      | Noticed Grinder
  5191 | D:6      | 5191 ||| Stepping ~*~*~tactically~*~*~ (hiding).
  5192 | D:6      | 5192 ||| Stepping ~*~*~tactically~*~*~ (hiding).
  5193 | D:6      | 5193 ||| INVOKING Heroism.
  5204 | D:6      | Killed Grinder
  5205 | D:6      | Reached skill level 6 in Shields
  5205 | D:6      | Reached XP level 9. HP: 49/54 MP: 10/12
  5261 | D:6      | 5261 ||| Stepping ~*~*~tactically~*~*~ (stealth).
  5343 | D:6      | Found Kax Xaf's Distillery.
  5358 | D:6      | 5358 ||| BUYING potion of curing (42 gold).
  5358 | D:6      | Bought a potion of curing for 42 gold pieces
  5358 | D:6      | 5358 ||| BUYING potion of curing (42 gold).
  5358 | D:6      | Bought a potion of curing for 42 gold pieces
  5358 | D:6      | 5358 ||| SHOPLISTING potion of haste (140 gold, have 101).
  5358 | D:6      | 5358 ||| BUYING potion of heal wounds (70 gold).
  5358 | D:6      | Bought a potion of heal wounds for 70 gold pieces
  5358 | D:6      | 5358 ||| SHOPLISTING potion of lignification (42 gold, have
                  | 31).
  5358 | D:6      | 5358 ||| SHOPLISTING potion of might (56 gold, have 31).
  5506 | D:6      | 5506 ||| Stepping ~*~*~tactically~*~*~ (stealth).
  5618 | D:6      | 5618 ||| INVOKING Heroism.
  5626 | D:6      | Reached *** piety under Okawaru
  5713 | D:6      | 5713 ||| INVOKING Heroism.
  5860 | D:6      | 5860 ||| UPGRADING to ring of see invisible.
  5862 | D:6      | 5862 ||| READING scroll labelled SAACZA LEMARA.
  5863 | D:6      | 5863 ||| READING 4 scrolls of identify.
  5863 | D:6      | 5863 ||| IDENTIFYING glowing yellow potion
  5864 | D:6      | 5864 ||| DROPPING potion of ambrosia.
  5912 | D:7      | 5912 ||| Stepping ~*~*~tactically~*~*~ (hiding).
  5916 | D:7      | 5916 ||| INVOKING Heroism.
  6094 | D:7      | 6094 ||| Stepping ~*~*~tactically~*~*~ (stealth).
  6097 | D:7      | 6097 ||| INVOKING Heroism.
  6102 | D:7      | 6102 ||| Stepping ~*~*~tactically~*~*~ (stealth).
  6120 | D:7      | 6120 ||| Stepping ~*~*~tactically~*~*~ (stealth).
  6441 | D:7      | 6441 ||| INVOKING Heroism.
  6529 | D:7      | Found a hide-covered altar of Uskayaw.
  6532 | D:7      | 6532 ||| INVOKING Heroism.
  6536 | D:7      | Reached skill level 6 in Fighting
  6549 | D:7      | 6549 ||| UPGRADING to +2 pair of boots.
  6554 | D:7      | 6554 ||| READING scroll labelled HOTAUGH OLLUYV.
  6587 | D:8      | Noticed a two-headed ogre
  6588 | D:8      | 6588 ||| INVOKING Heroism.
  6592 | D:8      | 6592 ||| Stepping ~*~*~tactically~*~*~ (stealth).
  6593 | D:8      | 6593 ||| Stepping ~*~*~tactically~*~*~ (stealth).
  6601 | D:8      | Killed a two-headed ogre
  6601 | D:8      | Received a gift from Okawaru
  6602 | D:8      | Reached skill level 9 in Shields
  6602 | D:8      | Reached XP level 10. HP: 54/60 MP: 11/13
  6631 | D:8      | Noticed Psyche
  6632 | D:8      | 6632 ||| Stepping ~*~*~tactically~*~*~ (stealth).
  6633 | D:8      | 6633 ||| Stepping ~*~*~tactically~*~*~ (stealth).
  6637 | D:8      | 6637 ||| INVOKING Heroism.
  6644 | D:8      | Killed Psyche
  6662 | D:8      | 6662 ||| FLEEEEING.
  6664 | D:8      | 6664 ||| FLEEEEING.
  6665 | D:8      | 6665 ||| FLEEEEING.
  6666 | D:8      | 6666 ||| FLEEEEING.
  6667 | D:8      | 6667 ||| FLEEEEING.
  6668 | D:8      | 6668 ||| FLEEEEING.
  6669 | D:8      | 6669 ||| FLEEEEING.
  6670 | D:8      | 6670 ||| FLEEEEING.
  6671 | D:8      | 6671 ||| FLEEEEING.
  6672 | D:8      | 6672 ||| FLEEEEING.
  6673 | D:8      | 6673 ||| STAIRDANCE
  6715 | D:8      | 6715 ||| STAIRDANCE
  6717 | D:7      | 6717 ||| INVOKING Heroism.
  6780 | D:8      | 6780 ||| STAIRDANCE
  6822 | D:8      | 6822 ||| FLEEEEING.
  6826 | D:8      | 6826 ||| STAIRDANCE
  6951 | D:8      | Noticed Erica
  6953 | D:8      | 6953 ||| Stepping ~*~*~tactically~*~*~ (hiding).
  6954 | D:8      | 6954 ||| Stepping ~*~*~tactically~*~*~ (hiding).
  6958 | D:8      | 6958 ||| INVOKING Heroism.
  6970 | D:8      | 6970 ||| DRINKING 7 potions of curing.
  6970 | D:8      | 6970 ||| (to cure confusion)
  6971 | D:8      | 6971 ||| INVOKING Heroism.
  6972 | D:8      | Killed Erica
  6972 | D:8      | Reached **** piety under Okawaru
  6973 | D:8      | Reached skill level 9 in Axes
  7110 | D:8      | Found Dadaqokli's Weapon Shop.
  7141 | D:8      | Found a stormy altar of Qazlal.
  7312 | D:8      | 7312 ||| INVOKING Heroism.
  7563 | D:8      | Found a bloodstained altar of Trog.
  7613 | D:8      | 7613 ||| UPGRADING to +0 cloak.
  7627 | D:9      | Noticed a two-headed ogre
  7628 | D:9      | 7628 ||| INVOKING Heroism.
  7635 | D:9      | Killed a two-headed ogre
  7636 | D:9      | Reached skill level 6 in Armour
  7643 | D:9      | Found Oveimecw's Magic Scroll Emporium.
  7662 | D:9      | 7662 ||| BUYING 3 scrolls of identify (96 gold).
  7662 | D:9      | Bought 3 scrolls of identify for 96 gold pieces
  7662 | D:9      | 7662 ||| SHOPLISTING scroll of enchant armour (120 gold,
                  | have 35).
  7662 | D:9      | 7662 ||| BUYING scroll of identify (32 gold).
  7662 | D:9      | Bought a scroll of identify for 32 gold pieces
  7662 | D:9      | 7662 ||| SHOPLISTING scroll of identify (32 gold, have 3).
  7667 | D:9      | 7667 ||| INVOKING Heroism.
  7668 | D:9      | 7668 ||| Stepping ~*~*~tactically~*~*~ (stealth).
  7673 | D:9      | 7673 ||| Stepping ~*~*~tactically~*~*~ (hiding).
  7676 | D:9      | 7676 ||| Stepping ~*~*~tactically~*~*~ (hiding).
  7677 | D:9      | 7677 ||| Stepping ~*~*~tactically~*~*~ (hiding).
  7690 | D:9      | Received a gift from Okawaru
  7705 | D:9      | 7705 ||| INVOKING Heroism.
  7714 | D:9      | Reached skill level 7 in Fighting
  7714 | D:9      | Reached skill level 6 in Invocations
  7716 | D:9      | Received a gift from Okawaru
  7762 | D:9      | Found a staircase to the Lair.
  7767 | D:9      | Reached skill level 3 in Throwing
  7770 | D:9      | 7770 ||| DROPPING +0 flail of protection.
  7814 | D:9      | Identified the +5 quarterstaff "Wotysusi" {freeze, rF-
                  | rC+++ rN+++ Dex-3}
  7836 | D:9      | Reached XP level 11. HP: 63/67 MP: 15/15
  7888 | D:9      | Found a sparkling altar of Nemelex Xobeh.
  7891 | D:9      | 7891 ||| INVOKING Heroism.
  7894 | D:9      | HP: 16/67 [wight/+5 halberd (1)]
  7895 | D:9      | 7895 ||| READING scroll of teleportation.
  7896 | D:9      | 7896 ||| DRINKING 4 potions of heal wounds.
  8101 | D:9      | 8101 ||| INVOKING Heroism.
  8250 | D:9      | 8250 ||| INVOKING Heroism.
  8515 | D:9      | 8515 ||| SWAPPING to +1 war axe of electrocution.
  8516 | D:9      | 8516 ||| DROPPING +0 war axe.
  8614 | D:9      | 8614 ||| PLANNING LAIR
  8614 | D:9      | 8614 ||| READING scroll labelled AGUTOD PYAREUP.
  8680 | D:9      | 8680 ||| READING scroll labelled OHADEFFO TAFIE.
  8699 | Lair:1   | Entered Level 1 of the Lair of Beasts
  8700 | Lair:1   | 8700 ||| INVOKING Heroism.
  8734 | Lair:1   | 8734 ||| INVOKING Heroism.
  8739 | Lair:1   | Received a gift from Okawaru
  8833 | Lair:1   | 8833 ||| INVOKING Heroism.
  8854 | Lair:1   | Noticed an oklob plant
  8854 | Lair:1   | Noticed an oklob plant
  8855 | Lair:1   | 8855 ||| INVOKING Heroism.
  8863 | Lair:1   | Killed an oklob plant
  8868 | Lair:1   | 8868 ||| DRINKING 3 potions of cancellation.
  8869 | Lair:1   | Killed an oklob plant
  9089 | Lair:1   | Reached ***** piety under Okawaru
  9200 | Lair:1   | Reached skill level 9 in Invocations
  9205 | Lair:1   | 9205 ||| INVOKING Heroism.
  9208 | Lair:1   | Received a gift from Okawaru
  9375 | Lair:1   | 9375 ||| INVOKING Heroism.
  9378 | Lair:1   | Received a gift from Okawaru
  9425 | Lair:1   | Reached skill level 8 in Fighting
  9473 | Lair:1   | 9473 ||| INVOKING Heroism.
  9957 | Lair:1   | 9957 ||| DRINKING 2 brown potions.
  9980 | Lair:1   | 9980 ||| READING 13 scrolls of identify.
  9980 | Lair:1   | 9980 ||| IDENTIFYING smoky emerald potion
  9981 | Lair:1   | 9981 ||| READING 12 scrolls of identify.
  9981 | Lair:1   | 9981 ||| IDENTIFYING silvery potion
  9982 | Lair:1   | 9982 ||| DROPPING potion of invisibility.
  9983 | Lair:1   | 9983 ||| DROPPING potion of degeneration.
 10006 | Lair:2   | 10006 ||| INVOKING Heroism.
 10204 | Lair:2   | 10204 ||| INVOKING Heroism.
 10214 | Lair:2   | Reached XP level 12. HP: 71/73 MP: 17/19
 10268 | Lair:2   | 10268 ||| INVOKING Heroism.
 10311 | Lair:2   | 10311 ||| Stepping ~*~*~tactically~*~*~ (stealth).
 10313 | Lair:2   | 10313 ||| Stepping ~*~*~tactically~*~*~ (stealth).
 10314 | Lair:2   | 10314 ||| Stepping ~*~*~tactically~*~*~ (stealth).
 10316 | Lair:2   | 10316 ||| Stepping ~*~*~tactically~*~*~ (stealth).
 10318 | Lair:2   | 10318 ||| Stepping ~*~*~tactically~*~*~ (stealth).
 10330 | Lair:2   | Received a gift from Okawaru
 10467 | Lair:2   | 10467 ||| INVOKING Heroism.
 10511 | Lair:2   | 10511 ||| INVOKING Heroism.
 10577 | Lair:2   | 10577 ||| INVOKING Heroism.
 10578 | Lair:2   | 10578 ||| Stepping ~*~*~tactically~*~*~ (cloud).
 10738 | Lair:2   | 10738 ||| INVOKING Heroism.
 11078 | Lair:2   | 11078 ||| READING 2 scrolls labelled TYTEEF ARHIME.
 11179 | Lair:2   | 11179 ||| DROPPING scroll of silence.
 11236 | Lair:3   | 11236 ||| INVOKING Heroism.
 11515 | Lair:3   | 11515 ||| INVOKING Heroism.
 11522 | Lair:3   | Reached skill level 9 in Fighting
 11573 | Lair:3   | Found a staircase to the Snake Pit.
 11724 | Lair:3   | Reached skill level 9 in Armour
 12068 | Lair:3   | 12068 ||| INVOKING Heroism.
 12313 | Lair:3   | Found a staircase to the Shoals.
 12314 | Lair:3   | 12314 ||| INVOKING Heroism.
 12319 | Lair:3   | 12319 ||| Stepping ~*~*~tactically~*~*~ (water).
 12470 | Lair:3   | 12470 ||| INVOKING Heroism.
 12476 | Lair:3   | Identified the +7 battleaxe of Puafoorr {vorpal, Drain rN+
                  | Dex+3} (Okawaru gifted it to you on level 3 of the Lair of
                  | Beasts)
 12476 | Lair:3   | Received a gift from Okawaru
 12769 | Lair:3   | 12769 ||| DROPPING +6 ring of dexterity.
 12770 | Lair:3   | 12770 ||| UPGRADING to +4 ring of protection.
 12925 | Lair:4   | 12925 ||| Stepping ~*~*~tactically~*~*~ (stealth).
 12933 | Lair:4   | 12933 ||| Stepping ~*~*~tactically~*~*~ (stealth).
 12937 | Lair:4   | 12937 ||| INVOKING Heroism.
 12939 | Lair:4   | Reached skill level 12 in Axes
 13090 | Lair:4   | Noticed Kirke
 13091 | Lair:4   | 13091 ||| Stepping ~*~*~tactically~*~*~ (stealth).
 13092 | Lair:4   | 13092 ||| Stepping ~*~*~tactically~*~*~ (stealth).
 13096 | Lair:4   | 13096 ||| INVOKING Heroism.
 13097 | Lair:4   | 13097 ||| INVOKING Finesse.
 13103 | Lair:4   | Reached XP level 13. HP: 80/80 MP: 12/20
 13108 | Lair:4   | Noticed a sphinx
 13112 | Lair:4   | Killed Kirke
 13351 | Lair:4   | 13351 ||| Stepping ~*~*~tactically~*~*~ (hiding).
 13356 | Lair:4   | 13356 ||| INVOKING Heroism.
 13357 | Lair:4   | 13357 ||| INVOKING Finesse.
 13661 | Lair:4   | 13661 ||| READING scroll labelled KEEMPU ZUTOR.
 13676 | Lair:5   | Entered Level 5 of the Lair of Beasts
 13679 | Lair:5   | 13679 ||| STAIRDANCE
 13683 | Lair:4   | 13683 ||| INVOKING Heroism.
 13807 | Lair:5   | 13807 ||| STAIRDANCE
 13921 | Lair:5   | 13921 ||| Stepping ~*~*~tactically~*~*~ (hiding).
 13927 | Lair:5   | Reached skill level 10 in Fighting
 13963 | Lair:5   | 13963 ||| Stepping ~*~*~tactically~*~*~ (stealth).
 14070 | Lair:5   | 14070 ||| INVOKING Heroism.
 14071 | Lair:5   | 14071 ||| INVOKING Finesse.
 14076 | Lair:5   | 14076 ||| SWAPPING to +3 morningstar.
 14088 | Lair:5   | 14088 ||| SWAPPING to +2 war axe of electrocution.
 14096 | Lair:5   | Received a gift from Okawaru
 14096 | Lair:5   | Found the +8 mithril axe "Arga" {speed, Will+}
 14181 | Lair:5   | 14181 ||| SWAPPING to +8 mithril axe "Arga" {speed, Will+}.
 14182 | Lair:5   | 14182 ||| DROPPING +2 war axe of electrocution.
 14194 | Lair:5   | 14194 ||| INVOKING Heroism.
 14197 | Lair:5   | 14197 ||| Stepping ~*~*~tactically~*~*~ (stealth).
 14248 | Lair:5   | 14248 ||| Stepping ~*~*~tactically~*~*~ (stealth).
 14262 | Lair:5   | 14262 ||| INVOKING Heroism.
 14311 | Lair:5   | 14311 ||| INVOKING Heroism.
 14401 | Lair:5   | 14401 ||| Stepping ~*~*~tactically~*~*~ (stealth).
 14420 | Lair:5   | 14420 ||| INVOKING Heroism.
 14421 | Lair:5   | 14421 ||| INVOKING Finesse.
 14470 | Lair:5   | 14470 ||| DROPPING +3 morningstar.
 14478 | Lair:5   | 14478 ||| INVOKING Heroism.
 14529 | Lair:5   | 14529 ||| INVOKING Heroism.
 14533 | Lair:5   | 14533 ||| Stepping ~*~*~tactically~*~*~ (stealth).
 14571 | Lair:5   | 14571 ||| Stepping ~*~*~tactically~*~*~ (stealth).
 14617 | Lair:5   | 14617 ||| Stepping ~*~*~tactically~*~*~ (stealth).
 14618 | Lair:5   | 14618 ||| Stepping ~*~*~tactically~*~*~ (stealth).
 14619 | Lair:5   | 14619 ||| INVOKING Heroism.
 14620 | Lair:5   | 14620 ||| INVOKING Finesse.
 14676 | Lair:5   | 14676 ||| Stepping ~*~*~tactically~*~*~ (stealth).
 14767 | Lair:5   | 14767 ||| Stepping ~*~*~tactically~*~*~ (stealth).
 14768 | Lair:5   | 14768 ||| Stepping ~*~*~tactically~*~*~ (stealth).
 14770 | Lair:5   | 14770 ||| INVOKING Heroism.
 14800 | Lair:5   | Identified the +2 crystal plate armour of Pan-Flutes
                  | {Contam rN+ MP+9 Dex+5} (Okawaru gifted it to you on level
                  | 5 of the Lair of Beasts)
 14800 | Lair:5   | Received a gift from Okawaru
 14822 | Lair:5   | Gained mutation: Your large and strong wings let you fly.
                  | [Gargoyle growth]
 14822 | Lair:5   | Reached XP level 14. HP: 57/88 MP: 21/21
 14895 | Lair:5   | 14895 ||| Stepping ~*~*~tactically~*~*~ (stealth).
 14913 | Lair:5   | 14913 ||| Stepping ~*~*~tactically~*~*~ (stealth).
 15035 | Lair:5   | 15035 ||| Stepping ~*~*~tactically~*~*~ (stealth).
 15041 | Lair:5   | 15041 ||| Stepping ~*~*~tactically~*~*~ (stealth).
 15182 | Lair:5   | Found a staircase to the Slime Pits.
 15182 | Lair:5   | Found a viscous altar of Jiyva.
 15197 | Lair:5   | Reached skill level 11 in Fighting
 15293 | Lair:5   | 15293 ||| Stepping ~*~*~tactically~*~*~ (stealth).
 15297 | Lair:5   | 15297 ||| Stepping ~*~*~tactically~*~*~ (stealth).
 15301 | Lair:5   | 15301 ||| Stepping ~*~*~tactically~*~*~ (stealth).
 15305 | Lair:5   | 15305 ||| Stepping ~*~*~tactically~*~*~ (stealth).
 15308 | Lair:5   | 15308 ||| Stepping ~*~*~tactically~*~*~ (stealth).
 15309 | Lair:5   | 15309 ||| Stepping ~*~*~tactically~*~*~ (stealth).
 15310 | Lair:5   | 15310 ||| INVOKING Heroism.
 15311 | Lair:5   | 15311 ||| INVOKING Finesse.
 15315 | Lair:5   | 15315 ||| SWAPPING to +0 morningstar of protection.
 15325 | Lair:5   | 15325 ||| SWAPPING to +8 mithril axe "Arga" {speed, Will+}.
 15420 | Lair:5   | Identified the +2 helmet of Lust {rElec Will+ Str+2}
 15428 | Lair:5   | 15428 ||| Stepping ~*~*~tactically~*~*~ (stealth).
 15430 | Lair:5   | 15430 ||| INVOKING Heroism.
 15431 | Lair:5   | 15431 ||| INVOKING Finesse.
 15515 | Lair:5   | 15515 ||| Stepping ~*~*~tactically~*~*~ (stealth).
 15521 | Lair:5   | 15521 ||| INVOKING Heroism.
 15684 | Lair:5   | 15684 ||| INVOKING Heroism.
 15685 | Lair:5   | 15685 ||| INVOKING Finesse.
 15687 | Lair:5   | 15687 ||| SWAPPING to +0 morningstar of protection.
 15700 | Lair:5   | 15700 ||| SWAPPING to +8 mithril axe "Arga" {speed, Will+}.
 15877 | Lair:5   | 15877 ||| INVOKING Heroism.
 15878 | Lair:5   | 15878 ||| SWAPPING to +0 morningstar of protection.
 15879 | Lair:5   | 15879 ||| INVOKING Finesse.
 15888 | Lair:5   | 15888 ||| SWAPPING to +8 mithril axe "Arga" {speed, Will+}.
 16020 | Lair:5   | 16020 ||| PLANNING D:1-11
 16020 | Lair:5   | 16020 ||| DROPPING +1 pair of gloves.
 16021 | Lair:5   | 16021 ||| UPGRADING to +2 crystal plate armour of
                  | Pan-Flutes {Contam rN+ MP+9 Dex+5}.
 16031 | Lair:5   | 16031 ||| DROPPING +0 plate armour.
 16032 | Lair:5   | 16032 ||| UPGRADING to +2 helmet of Lust {rElec Will+
                  | Str+2}.
 16042 | Lair:5   | 16042 ||| DROPPING +0 helmet.
 16199 | D:10     | Entered Level 10 of the Dungeon
 16365 | D:10     | Found a runed translucent gate.
 16365 | D:10     | Found a runed translucent gate.
 16365 | D:10     | Found a runed translucent gate.
 16444 | D:10     | Noticed Eliym's ghost (novice HOFi)
 16618 | D:10     | Found a blossoming altar of Fedhas.
 16671 | D:10     | 16671 ||| INVOKING Heroism.
 16712 | D:10     | Found a sacrificial altar of Ru.
 16713 | D:10     | 16713 ||| Stepping ~*~*~tactically~*~*~ (stealth).
 16716 | D:10     | 16716 ||| Stepping ~*~*~tactically~*~*~ (stealth).
 16722 | D:10     | Noticed Sonja
 16723 | D:10     | 16723 ||| INVOKING Finesse.
 16744 | D:10     | Killed Sonja
 17023 | D:11     | 17023 ||| INVOKING Heroism.
 17033 | D:11     | Reached skill level 12 in Armour
 17060 | D:11     | Found a large runed translucent door.
 17061 | D:11     | Found a large runed translucent door.
 17064 | D:11     | Noticed Vexag's ghost (novice HOMo)
 17114 | D:11     | 17114 ||| INVOKING Heroism.
 17234 | D:11     | Found a staircase to the Orcish Mines.
 17261 | D:11     | 17261 ||| Stepping ~*~*~tactically~*~*~ (stealth).
 17263 | D:11     | 17263 ||| Stepping ~*~*~tactically~*~*~ (stealth).
 17265 | D:11     | 17265 ||| Stepping ~*~*~tactically~*~*~ (stealth).
 17272 | D:11     | 17272 ||| INVOKING Heroism.
 17468 | D:11     | Found a blossoming altar of Fedhas.
 17483 | D:11     | 17483 ||| INVOKING Heroism.
 17484 | D:11     | 17484 ||| INVOKING Finesse.
 17497 | D:11     | 17497 ||| FLEEEEING.
 17704 | D:11     | 17704 ||| PLANNING D
 17738 | D:12     | 17738 ||| INVOKING Heroism.
 17750 | D:12     | 17750 ||| Stepping ~*~*~tactically~*~*~ (hiding).
 17772 | D:12     | 17772 ||| FLEEEEING.
 17785 | D:12     | 17785 ||| FLEEEEING.
 17786 | D:12     | 17786 ||| FLEEEEING.
 18107 | D:12     | 18107 ||| Stepping ~*~*~tactically~*~*~ (stealth).
 18143 | D:12     | Found Rima Utia's Book Boutique.
 18218 | D:12     | 18218 ||| INVOKING Heroism.
 18219 | D:12     | 18219 ||| INVOKING Finesse.
 18266 | D:12     | 18266 ||| Stepping ~*~*~tactically~*~*~ (hiding).
 18271 | D:12     | 18271 ||| INVOKING Heroism.
 18361 | D:12     | Reached skill level 3 in Dodging
 18522 | D:13     | Noticed Rupert
 18522 | D:13     | Noticed Urug
 18522 | D:13     | Found a gate to the Vaults.
 18523 | D:13     | 18523 ||| INVOKING Heroism.
 18524 | D:13     | 18524 ||| STAIRDANCE
 18535 | D:13     | 18535 ||| STAIRDANCE
 18549 | D:12     | HP: 15/90 [Rupert/+2 great mace of protection (25)]
 18550 | D:12     | 18550 ||| READING 6 scrolls of teleportation.
 18551 | D:12     | 18551 ||| DRINKING 7 potions of heal wounds.
 18822 | D:13     | 18822 ||| STAIRDANCE
 18824 | D:12     | 18824 ||| INVOKING Heroism.
 18825 | D:12     | 18825 ||| SWAPPING to +0 morningstar of protection.
 18836 | D:12     | 18836 ||| SWAPPING to +8 mithril axe "Arga" {speed, Will+}.
 18905 | D:13     | Identified the +6 hand axe of the Three Dreams {holy, rC+}
 18906 | D:13     | Found a runed translucent gate.
 18906 | D:13     | Found a runed translucent gate.
 18906 | D:13     | Found a runed translucent gate.
 18907 | D:13     | Found an ancient bone altar of Kikubaaqudgha.
 18907 | D:13     | Noticed a lich
 18908 | D:13     | Noticed a lich
 18908 | D:13     | Noticed a lich
 18908 | D:13     | Noticed a lich
 18908 | D:13     | Noticed Dirphi Vium's ghost (journeyman MiBe)
 19099 | D:13     | 19099 ||| Stepping ~*~*~tactically~*~*~ (stealth).
 19102 | D:13     | 19102 ||| Stepping ~*~*~tactically~*~*~ (stealth).
 19134 | D:13     | 19134 ||| INVOKING Heroism.
 19146 | D:13     | Reached skill level 12 in Shields
 19249 | D:13     | 19249 ||| FLEEEEING.
 19250 | D:13     | 19250 ||| FLEEEEING.
 19251 | D:13     | 19251 ||| FLEEEEING.
 19252 | D:13     | 19252 ||| FLEEEEING.
 19253 | D:13     | 19253 ||| FLEEEEING.
 19634 | D:13     | 19634 ||| Stepping ~*~*~tactically~*~*~ (hiding).
 19635 | D:13     | 19635 ||| Stepping ~*~*~tactically~*~*~ (hiding).
 19639 | D:13     | 19639 ||| INVOKING Heroism.
 19640 | D:13     | 19640 ||| INVOKING Finesse.
 19645 | D:13     | Killed Urug
 19962 | D:14     | 19962 ||| STAIRDANCE
 20129 | D:14     | Found a runed translucent gate.
 20129 | D:14     | Found a runed translucent gate.
 20129 | D:14     | Found a runed translucent gate.
 20132 | D:14     | 20132 ||| INVOKING Heroism.
 20255 | D:14     | 20255 ||| Stepping ~*~*~tactically~*~*~ (stealth).
 20303 | D:14     | 20303 ||| INVOKING Heroism.
 20304 | D:14     | Noticed qw's ghost (journeyman GrFi)
 20304 | D:14     | 20304 ||| INVOKING Finesse.
 20306 | D:14     | Identified the ring of Contention {Ice *Slow rElec Str+9
                  | Slay+4}
 20313 | D:14     | Reached XP level 15. HP: 81/94 MP: 22/22
 20397 | D:14     | 20397 ||| INVOKING Heroism.
 20505 | D:14     | 20505 ||| INVOKING Heroism.
 20661 | D:14     | 20661 ||| Stepping ~*~*~tactically~*~*~ (hiding).
 20855 | D:14     | Found a sparkling altar of Nemelex Xobeh.
 20874 | D:14     | 20874 ||| Stepping ~*~*~tactically~*~*~ (stealth).
 20916 | D:14     | 20916 ||| Stepping ~*~*~tactically~*~*~ (hiding).
 20919 | D:14     | 20919 ||| Stepping ~*~*~tactically~*~*~ (hiding).
 20920 | D:14     | 20920 ||| Stepping ~*~*~tactically~*~*~ (hiding).
 21151 | D:14     | Identified the +1 falchion of Inference {pain, rC+ SInv}
 21358 | D:15     | Entered Level 15 of the Dungeon
 21371 | D:15     | 21371 ||| Stepping ~*~*~tactically~*~*~ (stealth).
 21387 | D:15     | 21387 ||| INVOKING Heroism.
 21400 | D:15     | 21400 ||| Stepping ~*~*~tactically~*~*~ (hiding).
 21401 | D:15     | 21401 ||| Stepping ~*~*~tactically~*~*~ (hiding).
 21402 | D:15     | 21402 ||| Stepping ~*~*~tactically~*~*~ (hiding).
 21411 | D:15     | 21411 ||| Stepping ~*~*~tactically~*~*~ (hiding).
 21412 | D:15     | 21412 ||| Stepping ~*~*~tactically~*~*~ (hiding).
 21413 | D:15     | 21413 ||| Stepping ~*~*~tactically~*~*~ (hiding).
 21414 | D:15     | 21414 ||| Stepping ~*~*~tactically~*~*~ (hiding).
 21418 | D:15     | Identified the +4 broad axe of Triumph {spect, rElec rF-
                  | rN+ Str+5} (Okawaru gifted it to you on level 15 of the
                  | Dungeon)
 21418 | D:15     | Received a gift from Okawaru
 21640 | D:15     | Noticed Agnes
 21641 | D:15     | 21641 ||| INVOKING Heroism.
 21642 | D:15     | 21642 ||| INVOKING Finesse.
 21643 | D:15     | 21643 ||| INVOKING Finesse.
 21657 | D:15     | Killed Agnes
 21698 | D:15     | 21698 ||| Stepping ~*~*~tactically~*~*~ (stealth).
 21719 | D:15     | 21719 ||| Stepping ~*~*~tactically~*~*~ (stealth).
 21739 | D:15     | 21739 ||| INVOKING Heroism.
 21802 | D:15     | 21802 ||| FLEEEEING.
 21804 | D:15     | 21804 ||| FLEEEEING.
 21805 | D:15     | 21805 ||| FLEEEEING.
 22150 | D:15     | Noticed Nessos
 22151 | D:15     | 22151 ||| Stepping ~*~*~tactically~*~*~ (hiding).
 22153 | D:15     | 22153 ||| INVOKING Finesse.
 22171 | D:15     | Killed Nessos
 22266 | D:15     | 22266 ||| Stepping ~*~*~tactically~*~*~ (stealth).
 22268 | D:15     | 22268 ||| INVOKING Heroism.
 22283 | D:15     | Reached skill level 15 in Axes
 22413 | D:15     | 22413 ||| INVOKING Heroism.
 22425 | D:15     | 22425 ||| Stepping ~*~*~tactically~*~*~ (stealth).
 22427 | D:15     | 22427 ||| Stepping ~*~*~tactically~*~*~ (stealth).
 22428 | D:15     | 22428 ||| Stepping ~*~*~tactically~*~*~ (stealth).
 22430 | D:15     | 22430 ||| Stepping ~*~*~tactically~*~*~ (stealth).
 22431 | D:15     | 22431 ||| Stepping ~*~*~tactically~*~*~ (stealth).
 22432 | D:15     | 22432 ||| Stepping ~*~*~tactically~*~*~ (hiding).
 22450 | D:15     | HP: 19/95 [mirror damage (7)]
 22451 | D:15     | 22451 ||| READING 9 scrolls of teleportation.
 22452 | D:15     | 22452 ||| DRINKING 6 potions of heal wounds.
 22453 | D:15     | 22453 ||| INVOKING Heroism.
 22734 | D:15     | Found a glowing golden altar of the Shining One.
 22865 | D:15     | Found a staircase to the Depths.
 23192 | D:15     | 23192 ||| PLANNING ORC
 23330 | Orc:1    | Entered Level 1 of the Orcish Mines
 23331 | Orc:1    | 23331 ||| INVOKING Heroism.
 23399 | Orc:1    | 23399 ||| INVOKING Heroism.
 23417 | Orc:1    | 23417 ||| Stepping ~*~*~tactically~*~*~ (hiding).
 23418 | Orc:1    | 23418 ||| Stepping ~*~*~tactically~*~*~ (hiding).
 23419 | Orc:1    | 23419 ||| Stepping ~*~*~tactically~*~*~ (hiding).
 23529 | Orc:1    | 23529 ||| Stepping ~*~*~tactically~*~*~ (stealth).
 23533 | Orc:1    | Received a gift from Okawaru
 23537 | Orc:1    | Reached skill level 12 in Fighting
 23715 | Orc:2    | Entered Level 2 of the Orcish Mines
 23716 | Orc:2    | 23716 ||| INVOKING Heroism.
 23746 | Orc:2    | 23746 ||| Stepping ~*~*~tactically~*~*~ (stealth).
 23820 | Orc:2    | 23820 ||| Stepping ~*~*~tactically~*~*~ (stealth).
 23822 | Orc:2    | 23822 ||| INVOKING Heroism.
 23908 | Orc:2    | 23908 ||| Stepping ~*~*~tactically~*~*~ (hiding).
 23909 | Orc:2    | 23909 ||| Stepping ~*~*~tactically~*~*~ (hiding).
 23943 | Orc:2    | 23943 ||| Stepping ~*~*~tactically~*~*~ (hiding).
 23958 | Orc:2    | 23958 ||| INVOKING Heroism.
 23962 | Orc:2    | 23962 ||| Stepping ~*~*~tactically~*~*~ (hiding).
 23971 | Orc:2    | 23971 ||| Stepping ~*~*~tactically~*~*~ (hiding).
 23983 | Orc:2    | 23983 ||| Stepping ~*~*~tactically~*~*~ (hiding).
 24011 | Orc:2    | 24011 ||| Stepping ~*~*~tactically~*~*~ (stealth).
 24025 | Orc:2    | 24025 ||| Stepping ~*~*~tactically~*~*~ (stealth).
 24042 | Orc:2    | Noticed Saint Roka
 24043 | Orc:2    | 24043 ||| FLEEEEING.
 24044 | Orc:2    | 24044 ||| FLEEEEING.
 24045 | Orc:2    | 24045 ||| FLEEEEING.
 24046 | Orc:2    | 24046 ||| FLEEEEING.
 24047 | Orc:2    | 24047 ||| STAIRDANCE
 24190 | Orc:2    | 24190 ||| STAIRDANCE
 24243 | Orc:2    | 24243 ||| STAIRDANCE
 24245 | Orc:1    | 24245 ||| INVOKING Heroism.
 24367 | Orc:2    | 24367 ||| STAIRDANCE
 24466 | Orc:2    | 24466 ||| STAIRDANCE
 24511 | Orc:2    | 24511 ||| STAIRDANCE
 24552 | Orc:2    | 24552 ||| STAIRDANCE
 24580 | Orc:2    | 24580 ||| STAIRDANCE
 24587 | Orc:2    | 24587 ||| INVOKING Heroism.
 24588 | Orc:2    | 24588 ||| INVOKING Finesse.
 24614 | Orc:2    | Killed Saint Roka
 24614 | Orc:2    | Received a gift from Okawaru
 24640 | Orc:2    | 24640 ||| Stepping ~*~*~tactically~*~*~ (stealth).
 24689 | Orc:2    | 24689 ||| FLEEEEING.
 24692 | Orc:2    | 24692 ||| STAIRDANCE
 24842 | Orc:2    | Found Yfedipn's Jewellery Emporium.
 24843 | Orc:2    | 24843 ||| INVOKING Heroism.
 24901 | Orc:2    | 24901 ||| BUYING ring of protection from cold (375 gold).
 24901 | Orc:2    | Bought a ring of protection from cold for 375 gold pieces
 24901 | Orc:2    | 24901 ||| BUYING ring of resist corrosion (300 gold).
 24901 | Orc:2    | Bought a ring of resist corrosion for 300 gold pieces
 24926 | Orc:2    | Found a staircase to the Elven Halls.
 24928 | Orc:2    | Found Ratz's Armour Boutique.
 24980 | Orc:2    | Found Natith's Antique Armour Emporium.
 25026 | Orc:2    | Found Raotholi's General Store.
 25032 | Orc:2    | 25032 ||| BUYING potion of haste (120 gold).
 25032 | Orc:2    | Bought a potion of haste for 120 gold pieces
 25032 | Orc:2    | 25032 ||| BUYING ring of Feohaar {rF++ rCorr AC+4 Str-4
                  | Int+2} (742 gold).
 25032 | Orc:2    | Bought a ring of Feohaar {rF++ rCorr AC+4 Str-4 Int+2} for
                  | 742 gold pieces
 25032 | Orc:2    | 25032 ||| BUYING scroll of teleportation (36 gold).
 25032 | Orc:2    | Bought a scroll of teleportation for 36 gold pieces
 25040 | Orc:2    | Found Buproreg's Antique Weapon Emporium.
 25117 | Orc:2    | 25117 ||| PLANNING SHOALS:1-3
 25117 | Orc:2    | 25117 ||| UPGRADING to ring of Feohaar {rF++ rCorr AC+4
                  | Str-4 Int+2}.
 25310 | Shoals:1 | Entered Level 1 of the Shoals
 25310 | Shoals:1 | Noticed Louise
 25311 | Shoals:1 | 25311 ||| INVOKING Heroism.
 25312 | Shoals:1 | 25312 ||| INVOKING Finesse.
 25330 | Shoals:1 | Killed Louise
 25393 | Shoals:1 | 25393 ||| INVOKING Heroism.
 25399 | Shoals:1 | Reached XP level 16. HP: 98/101 MP: 23/23
 25413 | Shoals:1 | Noticed Donald
 25414 | Shoals:1 | 25414 ||| INVOKING Finesse.
 25416 | Shoals:1 | 25416 ||| Stepping ~*~*~tactically~*~*~ (hiding).
 25417 | Shoals:1 | 25417 ||| Stepping ~*~*~tactically~*~*~ (hiding).
 25434 | Shoals:1 | Killed Donald
 25465 | Shoals:1 | 25465 ||| DROPPING +0 morningstar of protection.
 25474 | Shoals:1 | 25474 ||| INVOKING Heroism.
 25537 | Shoals:1 | 25537 ||| INVOKING Heroism.
 25716 | Shoals:1 | Reached skill level 15 in Armour
 25886 | Shoals:1 | 25886 ||| INVOKING Heroism.
 25891 | Shoals:1 | 25891 ||| Stepping ~*~*~tactically~*~*~ (hiding).
 25899 | Shoals:1 | 25899 ||| Stepping ~*~*~tactically~*~*~ (hiding).
 25900 | Shoals:1 | 25900 ||| Stepping ~*~*~tactically~*~*~ (hiding).
 25903 | Shoals:1 | 25903 ||| Stepping ~*~*~tactically~*~*~ (hiding).
 25904 | Shoals:1 | 25904 ||| Stepping ~*~*~tactically~*~*~ (hiding).
 26094 | Shoals:1 | 26094 ||| INVOKING Heroism.
 26170 | Shoals:1 | 26170 ||| Stepping ~*~*~tactically~*~*~ (hiding).
 26182 | Shoals:1 | Identified the +1 scale mail of Philately {rElec SInv}
                  | (Okawaru gifted it to you on level 1 of the Shoals)
 26182 | Shoals:1 | Received a gift from Okawaru
 26185 | Shoals:1 | 26185 ||| Stepping ~*~*~tactically~*~*~ (hiding).
 26187 | Shoals:1 | 26187 ||| INVOKING Heroism.
 26263 | Shoals:1 | 26263 ||| Stepping ~*~*~tactically~*~*~ (hiding).
 26603 | Shoals:1 | 26603 ||| UPGRADING to +0 tower shield.
 26613 | Shoals:1 | 26613 ||| DROPPING +0 kite shield.
 26614 | Shoals:1 | 26614 ||| UPGRADING to amulet of regeneration.
 26624 | Shoals:1 | 26624 ||| DROPPING amulet of the acrobat.
 26625 | Shoals:1 | 26625 ||| DROPPING ring of magical power.
 26643 | Shoals:2 | Found a runed translucent door.
 26696 | Shoals:2 | 26696 ||| INVOKING Heroism.
 26756 | Shoals:2 | 26756 ||| INVOKING Heroism.
 26913 | Shoals:2 | 26913 ||| Stepping ~*~*~tactically~*~*~ (hiding).
 26914 | Shoals:2 | 26914 ||| INVOKING Heroism.
 26915 | Shoals:2 | 26915 ||| INVOKING Finesse.
 26970 | Shoals:2 | 26970 ||| Stepping ~*~*~tactically~*~*~ (hiding).
 26975 | Shoals:2 | 26975 ||| Stepping ~*~*~tactically~*~*~ (hiding).
 26977 | Shoals:2 | 26977 ||| INVOKING Heroism.
 27046 | Shoals:2 | 27046 ||| Stepping ~*~*~tactically~*~*~ (hiding).
 27048 | Shoals:2 | 27048 ||| Stepping ~*~*~tactically~*~*~ (hiding).
 27207 | Shoals:2 | 27207 ||| INVOKING Heroism.
 27208 | Shoals:2 | 27208 ||| INVOKING Finesse.
 27585 | Shoals:2 | 27585 ||| UPGRADING to +2 cloak.
 27595 | Shoals:2 | 27595 ||| DROPPING +0 cloak.
 27622 | Shoals:3 | 27622 ||| INVOKING Heroism.
 27702 | Shoals:3 | 27702 ||| INVOKING Heroism.
 27786 | Shoals:3 | 27786 ||| INVOKING Heroism.
 27922 | Shoals:3 | 27922 ||| INVOKING Heroism.
 27944 | Shoals:3 | Reached skill level 15 in Shields
 27971 | Shoals:3 | Identified the +6 falchion of Chance {vorpal, rPois Will+
                  | Dex+4}
 28005 | Shoals:3 | 28005 ||| INVOKING Heroism.
 28069 | Shoals:3 | 28069 ||| INVOKING Heroism.
 28170 | Shoals:3 | Noticed Jorgrun
 28171 | Shoals:3 | 28171 ||| INVOKING Heroism.
 28172 | Shoals:3 | 28172 ||| INVOKING Finesse.
 28189 | Shoals:3 | Killed Jorgrun
 28283 | Shoals:3 | Noticed a kraken
 28289 | Shoals:3 | 28289 ||| INVOKING Heroism.
 28293 | Shoals:3 | Killed a kraken
 28450 | Shoals:3 | 28450 ||| INVOKING Heroism.
 28451 | Shoals:3 | 28451 ||| INVOKING Finesse.
 28671 | Shoals:3 | 28671 ||| PLANNING SNAKE:1-3
 28671 | Shoals:3 | 28671 ||| READING 2 scrolls labelled ZIBODU FYTICK.
 28672 | Shoals:3 | 28672 ||| READING scroll labelled SYCAVV AWUTUU.
 28801 | Snake:1  | Entered Level 1 of the Snake Pit
 28869 | Snake:1  | Found Bogyd's Jewellery Shoppe.
 28878 | Snake:1  | 28878 ||| BUYING +4 ring of evasion (504 gold).
 28878 | Snake:1  | Bought a +4 ring of evasion for 504 gold pieces
 28878 | Snake:1  | 28878 ||| SHOPLISTING ring "Vamiffir" {rC+ Str+4 Int-3
                  | Stlth+} (516 gold, have 237).
 28878 | Snake:1  | 28878 ||| SHOPLISTING ring of fire (350 gold, have 237).
 28878 | Snake:1  | 28878 ||| SHOPLISTING ring of ice (350 gold, have 237).
 28928 | Snake:1  | 28928 ||| Stepping ~*~*~tactically~*~*~ (hiding).
 28939 | Snake:1  | Received a gift from Okawaru
 28991 | Snake:1  | 28991 ||| Stepping ~*~*~tactically~*~*~ (hiding).
 29021 | Snake:1  | 29021 ||| Stepping ~*~*~tactically~*~*~ (stealth).
 29063 | Snake:1  | 29063 ||| INVOKING Heroism.
 29083 | Snake:1  | Reached XP level 17. HP: 106/106 MP: 24/24
 29093 | Snake:1  | Reached skill level 6 in Throwing
 29135 | Snake:1  | 29135 ||| INVOKING Heroism.
 29339 | Snake:1  | You are sucked into a shaft and drop 1 floor!
 29347 | Snake:2  | 29347 ||| DROPPING +6 ring of strength.
 29348 | Snake:2  | 29348 ||| DROPPING ring of see invisible.
 29349 | Snake:2  | 29349 ||| DROPPING ring of wizardry.
 29382 | Snake:1  | Found a transporter.
 29389 | Snake:1  | Found a transporter.
 29413 | Snake:1  | Noticed Gygal Fez's ghost (adept MiFi)
 29413 | Snake:1  | Found a bloodstained altar of Trog.
 29817 | Snake:1  | 29817 ||| DROPPING scarf of invisibility.
 29869 | Snake:2  | Received a gift from Okawaru
 29953 | Snake:2  | Found Gumodum's Book Shop.
 29955 | Snake:2  | Found Tievamun's Jewellery Shoppe.
 29956 | Snake:2  | Found Kellos's Book Shop.
 29968 | Snake:2  | 29968 ||| SHOPLISTING ring "Neclauth" {rCorr EV+4 Str+3}
                  | (933 gold, have 350).
 29968 | Snake:2  | 29968 ||| SHOPLISTING ring of fire (425 gold, have 350).
 29968 | Snake:2  | 29968 ||| SHOPLISTING ring of the Shining Light {Fire
                  | Str+2} (615 gold, have 350).
 30025 | Snake:2  | 30025 ||| Stepping ~*~*~tactically~*~*~ (hiding).
 30036 | Snake:2  | 30036 ||| Stepping ~*~*~tactically~*~*~ (hiding).
 30088 | Snake:2  | 30088 ||| Stepping ~*~*~tactically~*~*~ (hiding).
 30097 | Snake:2  | 30097 ||| INVOKING Heroism.
 30099 | Snake:2  | 30099 ||| Stepping ~*~*~tactically~*~*~ (hiding).
 30117 | Snake:2  | Received a gift from Okawaru
 30141 | Snake:2  | 30141 ||| Stepping ~*~*~tactically~*~*~ (hiding).
 30143 | Snake:2  | 30143 ||| Stepping ~*~*~tactically~*~*~ (hiding).
 30156 | Snake:2  | 30156 ||| INVOKING Heroism.
 30187 | Snake:2  | Found Bofuang's One-of-a-Kind Rings.
 30199 | Snake:2  | 30199 ||| SHOPLISTING +5 ring of protection (935 gold, have
                  | 397).
 30199 | Snake:2  | 30199 ||| SHOPLISTING +8 ring of slaying (3400 gold, have
                  | 397).
 30199 | Snake:2  | 30199 ||| SHOPLISTING ring "Iqenn" {rF+ Will+ rCorr Slay+6}
                  | (1186 gold, have 397).
 30233 | Snake:2  | 30233 ||| Stepping ~*~*~tactically~*~*~ (hiding).
 30308 | Snake:2  | 30308 ||| Stepping ~*~*~tactically~*~*~ (stealth).
 30349 | Snake:2  | 30349 ||| Stepping ~*~*~tactically~*~*~ (stealth).
 30352 | Snake:2  | 30352 ||| Stepping ~*~*~tactically~*~*~ (stealth).
 30376 | Snake:2  | 30376 ||| Stepping ~*~*~tactically~*~*~ (stealth).
 30396 | Snake:2  | 30396 ||| Stepping ~*~*~tactically~*~*~ (stealth).
 30428 | Snake:2  | 30428 ||| Stepping ~*~*~tactically~*~*~ (stealth).
 30453 | Snake:2  | 30453 ||| Stepping ~*~*~tactically~*~*~ (hiding).
 30454 | Snake:2  | 30454 ||| Stepping ~*~*~tactically~*~*~ (stealth).
 30476 | Snake:2  | 30476 ||| INVOKING Heroism.
 30532 | Snake:2  | 30532 ||| Stepping ~*~*~tactically~*~*~ (stealth).
 30534 | Snake:2  | 30534 ||| Stepping ~*~*~tactically~*~*~ (stealth).
 30537 | Snake:2  | 30537 ||| INVOKING Heroism.
 30601 | Snake:2  | Reached ****** piety under Okawaru
 30601 | Snake:2  | Received a gift from Okawaru
 30621 | Snake:2  | 30621 ||| Stepping ~*~*~tactically~*~*~ (stealth).
 30622 | Snake:2  | 30622 ||| Stepping ~*~*~tactically~*~*~ (stealth).
 30624 | Snake:2  | 30624 ||| Stepping ~*~*~tactically~*~*~ (stealth).
 30625 | Snake:2  | 30625 ||| Stepping ~*~*~tactically~*~*~ (stealth).
 30626 | Snake:2  | 30626 ||| Stepping ~*~*~tactically~*~*~ (stealth).
 30652 | Snake:2  | 30652 ||| Stepping ~*~*~tactically~*~*~ (stealth).
 30653 | Snake:2  | 30653 ||| Stepping ~*~*~tactically~*~*~ (stealth).
 30667 | Snake:2  | 30667 ||| INVOKING Heroism.
 30685 | Snake:2  | 30685 ||| Stepping ~*~*~tactically~*~*~ (hiding).
 30827 | Snake:2  | 30827 ||| Stepping ~*~*~tactically~*~*~ (hiding).
 30831 | Snake:2  | 30831 ||| Stepping ~*~*~tactically~*~*~ (hiding).
 30837 | Snake:2  | 30837 ||| INVOKING Heroism.
 31061 | Snake:2  | 31061 ||| DROPPING +1 pair of gloves.
 31062 | Snake:2  | 31062 ||| READING 27 scrolls of identify.
 31062 | Snake:2  | 31062 ||| IDENTIFYING sapphire potion
 31101 | Snake:3  | 31101 ||| Stepping ~*~*~tactically~*~*~ (stealth).
 31126 | Snake:3  | 31126 ||| INVOKING Heroism.
 31210 | Snake:3  | Noticed Vashnia
 31211 | Snake:3  | 31211 ||| Stepping ~*~*~tactically~*~*~ (hiding).
 31218 | Snake:3  | 31218 ||| INVOKING Heroism.
 31239 | Snake:3  | Killed Vashnia
 31240 | Snake:3  | 31240 ||| Stepping ~*~*~tactically~*~*~ (hiding).
 31409 | Snake:3  | 31409 ||| Stepping ~*~*~tactically~*~*~ (stealth).
 31421 | Snake:3  | 31421 ||| Stepping ~*~*~tactically~*~*~ (hiding).
 31460 | Snake:3  | 31460 ||| Stepping ~*~*~tactically~*~*~ (hiding).
 31464 | Snake:3  | 31464 ||| Stepping ~*~*~tactically~*~*~ (stealth).
 31465 | Snake:3  | 31465 ||| Stepping ~*~*~tactically~*~*~ (stealth).
 31487 | Snake:3  | 31487 ||| Stepping ~*~*~tactically~*~*~ (hiding).
 31562 | Snake:3  | Found Mirghae's Magic Scroll Emporium.
 31578 | Snake:3  | Reached XP level 18. HP: 113/113 MP: 25/25
 31578 | Snake:3  | 31578 ||| DROPPING +1 eveningstar of protection.
 31581 | Snake:3  | 31581 ||| BUYING 2 scrolls of teleportation (84 gold).
 31581 | Snake:3  | Bought 2 scrolls of teleportation for 84 gold pieces
 31581 | Snake:3  | 31581 ||| BUYING scroll of brand weapon (133 gold).
 31581 | Snake:3  | Bought a scroll of brand weapon for 133 gold pieces
 31581 | Snake:3  | 31581 ||| BUYING scroll of enchant armour (105 gold).
 31581 | Snake:3  | Bought a scroll of enchant armour for 105 gold pieces
 31581 | Snake:3  | 31581 ||| BUYING scroll of teleportation (42 gold).
 31581 | Snake:3  | Bought a scroll of teleportation for 42 gold pieces
 31581 | Snake:3  | 31581 ||| BUYING scroll of teleportation (42 gold).
 31581 | Snake:3  | Bought a scroll of teleportation for 42 gold pieces
 31600 | Snake:3  | 31600 ||| Stepping ~*~*~tactically~*~*~ (stealth).
 31602 | Snake:3  | 31602 ||| Stepping ~*~*~tactically~*~*~ (stealth).
 31708 | Snake:3  | 31708 ||| INVOKING Heroism.
 31729 | Snake:3  | Reached skill level 13 in Fighting
 31838 | Snake:3  | 31838 ||| Stepping ~*~*~tactically~*~*~ (hiding).
 31848 | Snake:3  | 31848 ||| Stepping ~*~*~tactically~*~*~ (hiding).
 32053 | Snake:3  | 32053 ||| INVOKING Heroism.
 32155 | Snake:3  | 32155 ||| PLANNING SHOALS:4
 32308 | Shoals:4 | Entered Level 4 of the Shoals
 32309 | Shoals:4 | 32309 ||| INVOKING Heroism.
 32375 | Shoals:4 | 32375 ||| Stepping ~*~*~tactically~*~*~ (hiding).
 32379 | Shoals:4 | 32379 ||| Stepping ~*~*~tactically~*~*~ (hiding).
 32381 | Shoals:4 | 32381 ||| Stepping ~*~*~tactically~*~*~ (hiding).
 32382 | Shoals:4 | 32382 ||| Stepping ~*~*~tactically~*~*~ (hiding).
 32384 | Shoals:4 | 32384 ||| Stepping ~*~*~tactically~*~*~ (hiding).
 32385 | Shoals:4 | 32385 ||| Stepping ~*~*~tactically~*~*~ (hiding).
 32398 | Shoals:4 | 32398 ||| Stepping ~*~*~tactically~*~*~ (hiding).
 32400 | Shoals:4 | 32400 ||| Stepping ~*~*~tactically~*~*~ (hiding).
 32403 | Shoals:4 | 32403 ||| INVOKING Heroism.
 32433 | Shoals:4 | Identified the +5 chain mail of the Earth {Rampage Slay+2}
                  | (Okawaru gifted it to you on level 4 of the Shoals)
 32433 | Shoals:4 | Received a gift from Okawaru
 32497 | Shoals:4 | 32497 ||| Stepping ~*~*~tactically~*~*~ (hiding).
 32515 | Shoals:4 | 32515 ||| Stepping ~*~*~tactically~*~*~ (hiding).
 32530 | Shoals:4 | 32530 ||| Stepping ~*~*~tactically~*~*~ (stealth).
 32532 | Shoals:4 | 32532 ||| Stepping ~*~*~tactically~*~*~ (hiding).
 32534 | Shoals:4 | 32534 ||| Stepping ~*~*~tactically~*~*~ (hiding).
 32535 | Shoals:4 | 32535 ||| Stepping ~*~*~tactically~*~*~ (stealth).
 32565 | Shoals:4 | 32565 ||| INVOKING Heroism.
 32578 | Shoals:4 | 32578 ||| Stepping ~*~*~tactically~*~*~ (hiding).
 32598 | Shoals:4 | 32598 ||| Stepping ~*~*~tactically~*~*~ (stealth).
 32615 | Shoals:4 | 32615 ||| Stepping ~*~*~tactically~*~*~ (stealth).
 32667 | Shoals:4 | 32667 ||| Stepping ~*~*~tactically~*~*~ (stealth).
 32669 | Shoals:4 | 32669 ||| Stepping ~*~*~tactically~*~*~ (stealth).
 32670 | Shoals:4 | 32670 ||| Stepping ~*~*~tactically~*~*~ (stealth).
 32671 | Shoals:4 | 32671 ||| Stepping ~*~*~tactically~*~*~ (hiding).
 32673 | Shoals:4 | 32673 ||| Stepping ~*~*~tactically~*~*~ (hiding).
 32704 | Shoals:4 | Got a barnacled rune of Zot
 32729 | Shoals:4 | 32729 ||| Stepping ~*~*~tactically~*~*~ (hiding).
 32809 | Shoals:4 | 32809 ||| Stepping ~*~*~tactically~*~*~ (hiding).
 32954 | Shoals:4 | 32954 ||| Stepping ~*~*~tactically~*~*~ (hiding).
 32968 | Shoals:4 | 32968 ||| Stepping ~*~*~tactically~*~*~ (hiding).
 32969 | Shoals:4 | 32969 ||| Stepping ~*~*~tactically~*~*~ (hiding).
 33045 | Shoals:4 | 33045 ||| Stepping ~*~*~tactically~*~*~ (hiding).
 33052 | Shoals:4 | 33052 ||| INVOKING Heroism.
 33150 | Shoals:4 | 33150 ||| PLANNING VAULTS:1-4
 33150 | Shoals:4 | 33150 ||| DROPPING 22 boomerangs.
 33151 | Shoals:4 | 33151 ||| DROPPING 2 silver boomerangs.
 33444 | Vaults:1 | Entered Level 1 of the Vaults
 33451 | Vaults:1 | 33451 ||| INVOKING Heroism.
 33497 | Vaults:1 | 33497 ||| INVOKING Heroism.
 33538 | Vaults:1 | 33538 ||| Stepping ~*~*~tactically~*~*~ (stealth).
 33545 | Vaults:1 | 33545 ||| INVOKING Heroism.
 33547 | Vaults:1 | 33547 ||| INVOKING Finesse.
 33607 | Vaults:1 | 33607 ||| Stepping ~*~*~tactically~*~*~ (stealth).
 33613 | Vaults:1 | 33613 ||| Stepping ~*~*~tactically~*~*~ (hiding).
 33614 | Vaults:1 | 33614 ||| Stepping ~*~*~tactically~*~*~ (hiding).
 33616 | Vaults:1 | 33616 ||| Stepping ~*~*~tactically~*~*~ (hiding).
 33652 | Vaults:1 | Noticed Zenata
 33653 | Vaults:1 | 33653 ||| INVOKING Heroism.
 33654 | Vaults:1 | 33654 ||| INVOKING Finesse.
 33684 | Vaults:1 | Killed Zenata
 33685 | Vaults:1 | Reached skill level 18 in Axes
 33694 | Vaults:1 | Received a gift from Okawaru
 33837 | Vaults:1 | Received a gift from Okawaru
 33843 | Vaults:1 | Identified the +10 dagger of Departure {flame, rElec
                  | Will++}
 33945 | Vaults:1 | 33945 ||| INVOKING Heroism.
 33960 | Vaults:1 | Received a gift from Okawaru
 34107 | Vaults:1 | 34107 ||| INVOKING Heroism.
 34108 | Vaults:1 | 34108 ||| INVOKING Finesse.
 34227 | Vaults:1 | 34227 ||| Stepping ~*~*~tactically~*~*~ (stealth).
 34229 | Vaults:1 | 34229 ||| Stepping ~*~*~tactically~*~*~ (stealth).
 34321 | Vaults:1 | Reached skill level 14 in Fighting
 34325 | Vaults:1 | Received a gift from Okawaru
 34326 | Vaults:1 | Reached XP level 19. HP: 121/121 MP: 26/26
 34387 | Vaults:1 | 34387 ||| INVOKING Heroism.
 34388 | Vaults:1 | 34388 ||| INVOKING Finesse.
 34450 | Vaults:1 | 34450 ||| Stepping ~*~*~tactically~*~*~ (hiding).
 34467 | Vaults:1 | Reached skill level 18 in Shields
 34507 | Vaults:1 | 34507 ||| Stepping ~*~*~tactically~*~*~ (stealth).
 34731 | Vaults:1 | Found Fonier's Antique Armour Shoppe.
 34739 | Vaults:1 | 34739 ||| SHOPLISTING +2 cloak of the Thief {*Fog Slay-2
                  | SInv Stlth+} (623 gold, have 566).
 34747 | Vaults:1 | 34747 ||| Stepping ~*~*~tactically~*~*~ (stealth).
 34748 | Vaults:1 | 34748 ||| Stepping ~*~*~tactically~*~*~ (stealth).
 34749 | Vaults:1 | 34749 ||| INVOKING Heroism.
 34828 | Vaults:1 | 34828 ||| INVOKING Heroism.
 35052 | Vaults:2 | 35052 ||| Stepping ~*~*~tactically~*~*~ (stealth).
 35054 | Vaults:2 | 35054 ||| INVOKING Heroism.
 35055 | Vaults:2 | 35055 ||| INVOKING Finesse.
 35388 | Vaults:2 | 35388 ||| INVOKING Heroism.
 35441 | Vaults:2 | 35441 ||| Stepping ~*~*~tactically~*~*~ (stealth).
 35462 | Vaults:2 | 35462 ||| Stepping ~*~*~tactically~*~*~ (stealth).
 35478 | Vaults:2 | 35478 ||| Stepping ~*~*~tactically~*~*~ (hiding).
 35480 | Vaults:2 | 35480 ||| Stepping ~*~*~tactically~*~*~ (stealth).
 35485 | Vaults:2 | 35485 ||| INVOKING Heroism.
 35486 | Vaults:2 | 35486 ||| INVOKING Finesse.
 35489 | Vaults:2 | Reached skill level 18 in Armour
 35515 | Vaults:2 | Identified the +1 cloak "Keodutot" {Str-4 Int+4 Slay+5
                  | Stlth+} (Okawaru gifted it to you on level 2 of the Vaults)
 35515 | Vaults:2 | Received a gift from Okawaru
 35516 | Vaults:2 | 35516 ||| Stepping ~*~*~tactically~*~*~ (hiding).
 35517 | Vaults:2 | 35517 ||| Stepping ~*~*~tactically~*~*~ (hiding).
 35519 | Vaults:2 | 35519 ||| Stepping ~*~*~tactically~*~*~ (hiding).
 35561 | Vaults:2 | 35561 ||| Stepping ~*~*~tactically~*~*~ (stealth).
 35563 | Vaults:2 | 35563 ||| Stepping ~*~*~tactically~*~*~ (hiding).
 35682 | Vaults:2 | 35682 ||| Stepping ~*~*~tactically~*~*~ (stealth).
 35688 | Vaults:2 | 35688 ||| INVOKING Heroism.
 35689 | Vaults:2 | 35689 ||| INVOKING Finesse.
 35738 | Vaults:2 | 35738 ||| Stepping ~*~*~tactically~*~*~ (hiding).
 35835 | Vaults:2 | 35835 ||| Stepping ~*~*~tactically~*~*~ (hiding).
 35846 | Vaults:2 | 35846 ||| INVOKING Heroism.
 36002 | Vaults:2 | 36002 ||| Stepping ~*~*~tactically~*~*~ (stealth).
 36032 | Vaults:2 | 36032 ||| Stepping ~*~*~tactically~*~*~ (stealth).
 36052 | Vaults:2 | 36052 ||| INVOKING Heroism.
 36059 | Vaults:2 | 36059 ||| Stepping ~*~*~tactically~*~*~ (hiding).
 36077 | Vaults:2 | 36077 ||| Stepping ~*~*~tactically~*~*~ (stealth).
 36078 | Vaults:2 | 36078 ||| Stepping ~*~*~tactically~*~*~ (stealth).
 36108 | Vaults:2 | Reached skill level 15 in Fighting
 36109 | Vaults:2 | 36109 ||| Stepping ~*~*~tactically~*~*~ (stealth).
 36115 | Vaults:2 | 36115 ||| INVOKING Finesse.
 36184 | Vaults:2 | 36184 ||| Stepping ~*~*~tactically~*~*~ (stealth).
 36291 | Vaults:2 | Found Pigoxite's Armour Shop.
 36392 | Vaults:2 | 36392 ||| INVOKING Heroism.
 36459 | Vaults:2 | 36459 ||| Stepping ~*~*~tactically~*~*~ (stealth).
 36460 | Vaults:2 | 36460 ||| Stepping ~*~*~tactically~*~*~ (stealth).
 36521 | Vaults:2 | 36521 ||| Stepping ~*~*~tactically~*~*~ (stealth).
 36524 | Vaults:2 | 36524 ||| INVOKING Heroism.
 36525 | Vaults:2 | 36525 ||| Stepping ~*~*~tactically~*~*~ (stealth).
 36664 | Vaults:2 | Found a staircase to the Crypt.
 36773 | Vaults:2 | 36773 ||| UPGRADING to +1 cloak "Keodutot" {Str-4 Int+4
                  | Slay+5 Stlth+}.
 36783 | Vaults:2 | 36783 ||| DROPPING +2 cloak.
 36819 | Vaults:3 | Received a gift from Okawaru
 36851 | Vaults:3 | 36851 ||| Stepping ~*~*~tactically~*~*~ (hiding).
 36858 | Vaults:3 | 36858 ||| INVOKING Heroism.
 36921 | Vaults:3 | 36921 ||| INVOKING Heroism.
 36951 | Vaults:3 | 36951 ||| Stepping ~*~*~tactically~*~*~ (hiding).
 36952 | Vaults:3 | 36952 ||| Stepping ~*~*~tactically~*~*~ (hiding).
 37029 | Vaults:3 | 37029 ||| Stepping ~*~*~tactically~*~*~ (stealth).
 37030 | Vaults:3 | 37030 ||| Stepping ~*~*~tactically~*~*~ (hiding).
 37031 | Vaults:3 | 37031 ||| INVOKING Heroism.
 37137 | Vaults:3 | 37137 ||| INVOKING Heroism.
 37141 | Vaults:3 | Reached XP level 20. HP: 129/129 MP: 27/27
 37211 | Vaults:3 | 37211 ||| Stepping ~*~*~tactically~*~*~ (stealth).
 37213 | Vaults:3 | 37213 ||| Stepping ~*~*~tactically~*~*~ (stealth).
 37214 | Vaults:3 | 37214 ||| Stepping ~*~*~tactically~*~*~ (stealth).
 37468 | Vaults:3 | 37468 ||| Stepping ~*~*~tactically~*~*~ (stealth).
 37471 | Vaults:3 | 37471 ||| Stepping ~*~*~tactically~*~*~ (stealth).
 37473 | Vaults:3 | 37473 ||| INVOKING Heroism.
 37492 | Vaults:3 | Received a gift from Okawaru
 37543 | Vaults:3 | 37543 ||| INVOKING Heroism.
 37591 | Vaults:3 | 37591 ||| Stepping ~*~*~tactically~*~*~ (hiding).
 37603 | Vaults:3 | 37603 ||| Stepping ~*~*~tactically~*~*~ (hiding).
 37676 | Vaults:3 | 37676 ||| Stepping ~*~*~tactically~*~*~ (hiding).
 37678 | Vaults:3 | 37678 ||| Stepping ~*~*~tactically~*~*~ (hiding).
 37684 | Vaults:3 | 37684 ||| INVOKING Heroism.
 37752 | Vaults:3 | 37752 ||| INVOKING Heroism.
 37758 | Vaults:3 | Reached skill level 9 in Throwing
 37772 | Vaults:3 | Received a gift from Okawaru
 37847 | Vaults:3 | 37847 ||| Stepping ~*~*~tactically~*~*~ (hiding).
 37873 | Vaults:3 | 37873 ||| INVOKING Heroism.
 37874 | Vaults:3 | 37874 ||| INVOKING Finesse.
 37909 | Vaults:3 | 37909 ||| Stepping ~*~*~tactically~*~*~ (hiding).
 37941 | Vaults:3 | 37941 ||| Stepping ~*~*~tactically~*~*~ (hiding).
 37948 | Vaults:3 | 37948 ||| INVOKING Heroism.
 38383 | Vaults:4 | Identified the +3 crystal plate armour of Wismem {Str+2
                  | Dex+2} (Okawaru gifted it to you on level 4 of the Vaults)
 38383 | Vaults:4 | Received a gift from Okawaru
 38487 | Vaults:4 | 38487 ||| INVOKING Heroism.
 38514 | Vaults:4 | 38514 ||| Stepping ~*~*~tactically~*~*~ (stealth).
 38515 | Vaults:4 | 38515 ||| Stepping ~*~*~tactically~*~*~ (stealth).
 38662 | Vaults:4 | 38662 ||| Stepping ~*~*~tactically~*~*~ (hiding).
 38696 | Vaults:4 | 38696 ||| Stepping ~*~*~tactically~*~*~ (hiding).
 38774 | Vaults:4 | 38774 ||| INVOKING Heroism.
 38802 | Vaults:4 | 38802 ||| Stepping ~*~*~tactically~*~*~ (stealth).
 38804 | Vaults:4 | 38804 ||| Stepping ~*~*~tactically~*~*~ (hiding).
 38806 | Vaults:4 | 38806 ||| Stepping ~*~*~tactically~*~*~ (hiding).
 38807 | Vaults:4 | 38807 ||| Stepping ~*~*~tactically~*~*~ (hiding).
 38808 | Vaults:4 | 38808 ||| Stepping ~*~*~tactically~*~*~ (hiding).
 38864 | Vaults:4 | Found Impienk's Weapon Emporium.
 38931 | Vaults:4 | 38931 ||| Stepping ~*~*~tactically~*~*~ (stealth).
 38941 | Vaults:4 | 38941 ||| Stepping ~*~*~tactically~*~*~ (hiding).
 39115 | Vaults:4 | 39115 ||| INVOKING Heroism.
 39550 | Vaults:4 | 39550 ||| PLANNING SNAKE:4
 39550 | Vaults:4 | 39550 ||| UPGRADING to +3 crystal plate armour of Wismem
                  | {Str+2 Dex+2}.
 39560 | Vaults:4 | 39560 ||| DROPPING +2 crystal plate armour of Pan-Flutes
                  | {Contam rN+ MP+9 Dex+5}.
 39561 | Vaults:4 | 39561 ||| READING 27 scrolls of identify.
 39561 | Vaults:4 | 39561 ||| IDENTIFYING fizzy black potion
 40032 | Snake:4  | Entered Level 4 of the Snake Pit
 40087 | Snake:4  | 40087 ||| INVOKING Heroism.
 40119 | Snake:4  | Reached skill level 16 in Fighting
 40379 | Snake:4  | 40379 ||| INVOKING Heroism.
 40574 | Snake:4  | Got a serpentine rune of Zot
 40607 | Abyss:3  | Cast into level 3 of the Abyss (nagaraja)
 40695 | Abyss:3  | 40695 ||| INVOKING Heroism.
 40696 | Abyss:3  | 40696 ||| INVOKING Finesse.
 40734 | Abyss:3  | 40734 ||| Stepping ~*~*~tactically~*~*~ (stealth).
 40738 | Abyss:3  | 40738 ||| Stepping ~*~*~tactically~*~*~ (stealth).
 40746 | Abyss:3  | 40746 ||| Stepping ~*~*~tactically~*~*~ (stealth).
 40747 | Abyss:3  | 40747 ||| Stepping ~*~*~tactically~*~*~ (stealth).
 40748 | Abyss:3  | 40748 ||| Stepping ~*~*~tactically~*~*~ (stealth).
 40750 | Abyss:3  | 40750 ||| Stepping ~*~*~tactically~*~*~ (stealth).
 40765 | Abyss:3  | 40765 ||| Stepping ~*~*~tactically~*~*~ (stealth).
 40766 | Abyss:3  | 40766 ||| INVOKING Heroism.
 40785 | Abyss:3  | 40785 ||| Stepping ~*~*~tactically~*~*~ (stealth).
 40827 | Abyss:3  | 40827 ||| Stepping ~*~*~tactically~*~*~ (stealth).
 40829 | Abyss:3  | 40829 ||| Stepping ~*~*~tactically~*~*~ (hiding).
 40831 | Abyss:3  | 40831 ||| Stepping ~*~*~tactically~*~*~ (hiding).
 40834 | Abyss:3  | 40834 ||| INVOKING Heroism.
 40920 | Abyss:3  | 40920 ||| Stepping ~*~*~tactically~*~*~ (stealth).
 40924 | Abyss:3  | 40924 ||| Stepping ~*~*~tactically~*~*~ (stealth).
 40930 | Abyss:3  | 40930 ||| Stepping ~*~*~tactically~*~*~ (stealth).
 40952 | Abyss:3  | 40952 ||| Stepping ~*~*~tactically~*~*~ (hiding).
 40954 | Abyss:3  | 40954 ||| Stepping ~*~*~tactically~*~*~ (hiding).
 40957 | Abyss:3  | 40957 ||| Stepping ~*~*~tactically~*~*~ (stealth).
 40957 | Abyss:3  | Gained mutation: You have a pair of small horns on your
                  | head. [a neqoxec]
 40961 | Abyss:3  | Gained mutation: You are vulnerable to cold. (rC-) [a
                  | neqoxec]
 40964 | Abyss:3  | Gained mutation: You occasionally lose the ability to read
                  | scrolls when taking damage. [a neqoxec]
 41027 | Abyss:3  | 41027 ||| Stepping ~*~*~tactically~*~*~ (stealth).
 41028 | Abyss:3  | 41028 ||| Stepping ~*~*~tactically~*~*~ (hiding).
 41040 | Abyss:3  | Received a gift from Okawaru
 41078 | Abyss:3  | 41078 ||| Stepping ~*~*~tactically~*~*~ (stealth).
 41094 | Abyss:3  | 41094 ||| Stepping ~*~*~tactically~*~*~ (stealth).
 41173 | Abyss:3  | 41173 ||| Stepping ~*~*~tactically~*~*~ (stealth).
 41212 | Abyss:3  | Reached skill level 17 in Fighting
 41223 | Abyss:3  | 41223 ||| INVOKING Heroism.
 41227 | Abyss:3  | 41227 ||| Stepping ~*~*~tactically~*~*~ (hiding).
 41253 | Abyss:3  | Reached XP level 21. HP: 117/139 MP: 28/28
 41255 | Snake:4  | Escaped the Abyss
 41311 | Snake:4  | 41311 ||| Stepping ~*~*~tactically~*~*~ (hiding).
 41533 | Snake:4  | Identified Roxanne's Lessons on Stones
 41533 | Snake:4  | Noticed Roxanne
 41537 | Snake:4  | 41537 ||| INVOKING Heroism.
 41548 | Snake:4  | Killed Roxanne
 41630 | Snake:4  | 41630 ||| Stepping ~*~*~tactically~*~*~ (hiding).
 41671 | Snake:4  | 41671 ||| Stepping ~*~*~tactically~*~*~ (stealth).
 41673 | Snake:4  | 41673 ||| Stepping ~*~*~tactically~*~*~ (hiding).
 41686 | Snake:4  | 41686 ||| Stepping ~*~*~tactically~*~*~ (hiding).
 41888 | Snake:4  | 41888 ||| INVOKING Heroism.
 42001 | Snake:4  | Found Leexeas's Jewellery Emporium.
 42001 | Snake:4  | Found Giesen's Magic Scroll Shoppe.
 42002 | Snake:4  | 42002 ||| Stepping ~*~*~tactically~*~*~ (hiding).
 42115 | Snake:4  | 42115 ||| INVOKING Heroism.
 42139 | Snake:4  | 42139 ||| BUYING scroll of brand weapon (142 gold).
 42139 | Snake:4  | Bought a scroll of brand weapon for 142 gold pieces
 42139 | Snake:4  | 42139 ||| BUYING scroll of teleportation (45 gold).
 42139 | Snake:4  | Bought a scroll of teleportation for 45 gold pieces
 42139 | Snake:4  | 42139 ||| BUYING scroll of teleportation (45 gold).
 42139 | Snake:4  | Bought a scroll of teleportation for 45 gold pieces
 42147 | Snake:4  | 42147 ||| BUYING ring of ice (400 gold).
 42147 | Snake:4  | Bought a ring of ice for 400 gold pieces
 42147 | Snake:4  | 42147 ||| BUYING ring of protection from cold (400 gold).
 42147 | Snake:4  | Bought a ring of protection from cold for 400 gold pieces
 42147 | Snake:4  | 42147 ||| SHOPLISTING ring of the Octopus King {rC+ HP+2
                  | AC+2 EV+2 SH+2} (982 gold, have 261).
 42397 | Snake:4  | 42397 ||| DROPPING +2 helmet of Lust {rElec Will+ Str+2}.
 42398 | Snake:4  | 42398 ||| DROPPING ring of ice.
 42552 | Snake:4  | Noticed Aizul
 42553 | Snake:4  | 42553 ||| Stepping ~*~*~tactically~*~*~ (hiding).
 42570 | Snake:4  | Killed Aizul
 42602 | Snake:4  | 42602 ||| PLANNING DEPTHS
 42602 | Snake:4  | 42602 ||| READING 26 scrolls of identify.
 42602 | Snake:4  | 42602 ||| IDENTIFYING fuming white potion
 42603 | Snake:4  | 42603 ||| DROPPING potion of berserk rage.
 42683 | Snake:1  | 42683 ||| Stepping ~*~*~tactically~*~*~ (stealth).
 42685 | Snake:1  | 42685 ||| Stepping ~*~*~tactically~*~*~ (hiding).
 42687 | Snake:1  | 42687 ||| Stepping ~*~*~tactically~*~*~ (hiding).
 43043 | Depths:1 | Entered Level 1 of the Depths
 43044 | Depths:1 | 43044 ||| INVOKING Heroism.
 43045 | Depths:1 | 43045 ||| INVOKING Finesse.
 43118 | Depths:1 | Noticed a caustic shrike
 43126 | Depths:1 | 43126 ||| INVOKING Heroism.
 43127 | Depths:1 | 43127 ||| INVOKING Finesse.
 43140 | Depths:1 | Noticed a caustic shrike
 43142 | Depths:1 | Noticed a caustic shrike
 43145 | Depths:1 | Killed a caustic shrike
 43156 | Depths:1 | Killed a caustic shrike
 43158 | Depths:1 | Killed a caustic shrike
 43187 | Depths:1 | Found a one-way gateway to a ziggurat.
 43233 | Depths:1 | 43233 ||| Stepping ~*~*~tactically~*~*~ (stealth).
 43235 | Depths:1 | 43235 ||| INVOKING Heroism.
 43241 | Depths:1 | Reached skill level 21 in Armour
 43325 | Depths:1 | Found a gateway to Hell.
 43422 | Depths:1 | 43422 ||| INVOKING Heroism.
 43646 | Depths:1 | 43646 ||| Stepping ~*~*~tactically~*~*~ (hiding).
 43651 | Depths:1 | 43651 ||| INVOKING Heroism.
 43652 | Depths:1 | 43652 ||| INVOKING Finesse.
 43779 | Depths:1 | 43779 ||| Stepping ~*~*~tactically~*~*~ (hiding).
 43781 | Depths:1 | 43781 ||| Stepping ~*~*~tactically~*~*~ (hiding).
 43799 | Depths:1 | 43799 ||| INVOKING Heroism.
 43980 | Depths:1 | Identified the +2 robe "Wedaapid" {rElec rF- Regen+}
 44131 | Depths:1 | Found a one-way gate to the infinite horrors of the Abyss.
 44132 | Depths:1 | 44132 ||| INVOKING Heroism.
 44161 | Depths:1 | Identified the +1 pair of gloves "Hummehegg" {-Tele Fly
                  | rElec Regen+} (Okawaru gifted it to you on level 1 of the
                  | Depths)
 44161 | Depths:1 | Received a gift from Okawaru
 44180 | Depths:1 | 44180 ||| READING scroll labelled CERHIOLYA.
 44288 | Depths:2 | 44288 ||| INVOKING Heroism.
 44429 | Depths:2 | 44429 ||| INVOKING Heroism.
 44485 | Depths:2 | 44485 ||| INVOKING Heroism.
 44519 | Depths:2 | 44519 ||| Stepping ~*~*~tactically~*~*~ (hiding).
 44544 | Depths:2 | Reached skill level 18 in Fighting
 44547 | Depths:2 | 44547 ||| INVOKING Heroism.
 44587 | Depths:2 | 44587 ||| INVOKING Heroism.
 44634 | Depths:2 | 44634 ||| INVOKING Heroism.
 44709 | Depths:2 | 44709 ||| INVOKING Heroism.
 44723 | Depths:2 | 44723 ||| Stepping ~*~*~tactically~*~*~ (stealth).
 44725 | Depths:2 | 44725 ||| Stepping ~*~*~tactically~*~*~ (hiding).
 44788 | Depths:2 | 44788 ||| Stepping ~*~*~tactically~*~*~ (hiding).
 44790 | Depths:2 | 44790 ||| Stepping ~*~*~tactically~*~*~ (hiding).
 44796 | Depths:2 | 44796 ||| INVOKING Heroism.
 44797 | Depths:2 | 44797 ||| INVOKING Finesse.
 44814 | Depths:2 | HP: 19/141 [lich/bolt of cold (21)]
 44815 | Depths:2 | 44815 ||| DRINKING 9 potions of heal wounds.
 44845 | Depths:2 | 44845 ||| FLEEEEING.
 44848 | Depths:2 | 44848 ||| FLEEEEING.
 44849 | Depths:2 | 44849 ||| FLEEEEING.
 44850 | Depths:2 | 44850 ||| FLEEEEING.
 44851 | Depths:2 | 44851 ||| FLEEEEING.
 44852 | Depths:2 | 44852 ||| FLEEEEING.
 44853 | Depths:2 | 44853 ||| FLEEEEING.
 44854 | Depths:2 | 44854 ||| FLEEEEING.
 44855 | Depths:2 | 44855 ||| FLEEEEING.
 44856 | Depths:2 | 44856 ||| FLEEEEING.
 44857 | Depths:2 | 44857 ||| FLEEEEING.
 45127 | Depths:2 | 45127 ||| Stepping ~*~*~tactically~*~*~ (hiding).
 45131 | Depths:2 | 45131 ||| INVOKING Finesse.
 45132 | Depths:2 | 45132 ||| INVOKING Heroism.
 45251 | Depths:2 | 45251 ||| Stepping ~*~*~tactically~*~*~ (hiding).
 45262 | Depths:2 | 45262 ||| INVOKING Heroism.
 45317 | Depths:2 | 45317 ||| Stepping ~*~*~tactically~*~*~ (hiding).
 45322 | Depths:2 | 45322 ||| INVOKING Heroism.
 45342 | Depths:2 | Reached XP level 22. HP: 139/147 MP: 29/29
 45350 | Depths:2 | Identified the +2 hat of Ulusurall {rC+ MP+9 Str+2}
                  | (Okawaru gifted it to you on level 2 of the Depths)
 45350 | Depths:2 | Received a gift from Okawaru
 45359 | Depths:2 | 45359 ||| Stepping ~*~*~tactically~*~*~ (hiding).
 45491 | Depths:2 | 45491 ||| INVOKING Heroism.
 45492 | Depths:2 | 45492 ||| INVOKING Finesse.
 45555 | Depths:2 | 45555 ||| Stepping ~*~*~tactically~*~*~ (hiding).
 45557 | Depths:2 | Noticed a juggernaut
 45558 | Depths:2 | 45558 ||| INVOKING Heroism.
 45577 | Depths:2 | Killed a juggernaut
 45591 | Depths:2 | Identified the ring "Xik Liu" {rC+ Str+6}
 45595 | Depths:2 | 45595 ||| Stepping ~*~*~tactically~*~*~ (hiding).
 45720 | Depths:2 | Found the +18 Lear's hauberk
 45739 | Depths:2 | Identified the +6 flail of Nehym {protect, rF+ rC+}
 45859 | Depths:2 | 45859 ||| Stepping ~*~*~tactically~*~*~ (stealth).
 45965 | Depths:2 | 45965 ||| Stepping ~*~*~tactically~*~*~ (hiding).
 46105 | Depths:2 | Found a one-way gate leading to the halls of Pandemonium.
 46249 | Depths:2 | 46249 ||| UPGRADING to +2 hat of Ulusurall {rC+ MP+9
                  | Str+2}.
 46289 | Depths:2 | 46289 ||| DROPPING ring of protection from cold.
 46290 | Depths:2 | 46290 ||| UPGRADING to ring "Xik Liu" {rC+ Str+6}.
 46334 | Depths:3 | 46334 ||| INVOKING Heroism.
 46342 | Depths:3 | 46342 ||| INVOKING Finesse.
 46346 | Depths:3 | 46346 ||| Stepping ~*~*~tactically~*~*~ (hiding).
 46352 | Depths:3 | 46352 ||| Stepping ~*~*~tactically~*~*~ (hiding).
 46408 | Depths:3 | Reached skill level 19 in Fighting
 46469 | Depths:3 | 46469 ||| Stepping ~*~*~tactically~*~*~ (hiding).
 46505 | Depths:3 | Received a gift from Okawaru
 46509 | Depths:3 | 46509 ||| Stepping ~*~*~tactically~*~*~ (hiding).
 46514 | Depths:3 | 46514 ||| INVOKING Heroism.
 46525 | Depths:3 | 46525 ||| Stepping ~*~*~tactically~*~*~ (hiding).
 46694 | Depths:3 | 46694 ||| INVOKING Heroism.
 46826 | Depths:3 | 46826 ||| Stepping ~*~*~tactically~*~*~ (hiding).
 46827 | Depths:3 | 46827 ||| Stepping ~*~*~tactically~*~*~ (hiding).
 46856 | Depths:3 | 46856 ||| FLEEEEING.
 46857 | Depths:3 | 46857 ||| FLEEEEING.
 46858 | Depths:3 | 46858 ||| FLEEEEING.
 46859 | Depths:3 | 46859 ||| FLEEEEING.
 46860 | Depths:3 | 46860 ||| FLEEEEING.
 46962 | Depths:3 | 46962 ||| INVOKING Heroism.
 46963 | Depths:3 | 46963 ||| Stepping ~*~*~tactically~*~*~ (hiding).
 46965 | Depths:3 | 46965 ||| Stepping ~*~*~tactically~*~*~ (hiding).
 47157 | Depths:3 | 47157 ||| READING 20 scrolls of teleportation.
 47180 | Depths:3 | 47180 ||| Stepping ~*~*~tactically~*~*~ (hiding).
 47182 | Depths:3 | 47182 ||| Stepping ~*~*~tactically~*~*~ (hiding).
 47183 | Depths:3 | 47183 ||| Stepping ~*~*~tactically~*~*~ (hiding).
 47185 | Depths:3 | 47185 ||| Stepping ~*~*~tactically~*~*~ (hiding).
 47221 | Depths:3 | 47221 ||| Stepping ~*~*~tactically~*~*~ (stealth).
 47225 | Depths:3 | 47225 ||| INVOKING Heroism.
 47266 | Depths:3 | 47266 ||| Stepping ~*~*~tactically~*~*~ (hiding).
 47299 | Depths:3 | Identified the +9 long sword "Yfaco Roig" {drain, MP+9}
 47304 | Depths:3 | Noticed an ancient lich
 47328 | Depths:3 | 47328 ||| Stepping ~*~*~tactically~*~*~ (hiding).
 47331 | Depths:3 | 47331 ||| Stepping ~*~*~tactically~*~*~ (hiding).
 47347 | Depths:3 | 47347 ||| INVOKING Heroism.
 47348 | Depths:3 | 47348 ||| INVOKING Finesse.
 47393 | Depths:3 | 47393 ||| INVOKING Heroism.
 47397 | Depths:3 | Killed an ancient lich
 47451 | Depths:3 | 47451 ||| INVOKING Heroism.
 47549 | Depths:3 | 47549 ||| INVOKING Heroism.
 47566 | Depths:3 | 47566 ||| Stepping ~*~*~tactically~*~*~ (hiding).
 47591 | Depths:3 | 47591 ||| Stepping ~*~*~tactically~*~*~ (stealth).
 47612 | Depths:3 | 47612 ||| Stepping ~*~*~tactically~*~*~ (stealth).
 47619 | Depths:3 | Found an ancient bone altar of Kikubaaqudgha.
 47624 | Depths:3 | Paralysed by a vampire knight for 5 turns
 47705 | Depths:4 | Entered Level 4 of the Depths
 47706 | Depths:4 | 47706 ||| STAIRDANCE
 47708 | Depths:3 | 47708 ||| INVOKING Heroism.
 47721 | Depths:4 | 47721 ||| STAIRDANCE
 47726 | Depths:3 | Received a gift from Okawaru
 47748 | Depths:4 | 47748 ||| STAIRDANCE
 47761 | Depths:4 | 47761 ||| STAIRDANCE
 47763 | Depths:3 | 47763 ||| INVOKING Finesse.
 47838 | Depths:4 | Noticed a golden dragon
 47845 | Depths:4 | Identified the +1 cloak "Ylus" {Contam Rampage Regen+
                  | Dex+8}
 47865 | Depths:4 | 47865 ||| Stepping ~*~*~tactically~*~*~ (hiding).
 47866 | Depths:4 | 47866 ||| Stepping ~*~*~tactically~*~*~ (hiding).
 47878 | Depths:4 | 47878 ||| INVOKING Finesse.
 47961 | Depths:4 | 47961 ||| INVOKING Heroism.
 47964 | Depths:4 | Received a gift from Okawaru
 47978 | Depths:4 | Reached skill level 20 in Fighting
 47978 | Depths:4 | 47978 ||| Stepping ~*~*~tactically~*~*~ (stealth).
 47984 | Depths:4 | 47984 ||| Stepping ~*~*~tactically~*~*~ (hiding).
 47999 | Depths:4 | Received a gift from Okawaru
 48011 | Depths:4 | 48011 ||| INVOKING Finesse.
 48028 | Depths:4 | Reached XP level 23. HP: 156/156 MP: 30/30
 48057 | Depths:4 | 48057 ||| Stepping ~*~*~tactically~*~*~ (stealth).
 48059 | Depths:4 | 48059 ||| Stepping ~*~*~tactically~*~*~ (hiding).
 48247 | Depths:4 | 48247 ||| Stepping ~*~*~tactically~*~*~ (stealth).
 48250 | Depths:4 | 48250 ||| Stepping ~*~*~tactically~*~*~ (stealth).
 48253 | Depths:4 | 48253 ||| Stepping ~*~*~tactically~*~*~ (stealth).
 48258 | Depths:4 | 48258 ||| Stepping ~*~*~tactically~*~*~ (hiding).
 48262 | Depths:4 | 48262 ||| INVOKING Heroism.
 48274 | Depths:4 | Reached skill level 6 in Dodging
 48342 | Depths:4 | 48342 ||| Stepping ~*~*~tactically~*~*~ (stealth).
 48344 | Depths:4 | 48344 ||| Stepping ~*~*~tactically~*~*~ (hiding).
 48347 | Depths:4 | 48347 ||| Stepping ~*~*~tactically~*~*~ (hiding).
 48354 | Depths:4 | 48354 ||| INVOKING Heroism.
 48361 | Depths:4 | 48361 ||| INVOKING Finesse.
 48509 | Depths:4 | Noticed a golden dragon
 48657 | Depths:4 | 48657 ||| Stepping ~*~*~tactically~*~*~ (hiding).
 48660 | Depths:4 | 48660 ||| INVOKING Heroism.
 48693 | Depths:4 | Reached skill level 21 in Shields
 48695 | Depths:4 | 48695 ||| INVOKING Finesse.
 48732 | Depths:4 | 48732 ||| Stepping ~*~*~tactically~*~*~ (stealth).
 48736 | Depths:4 | 48736 ||| INVOKING Heroism.
 48830 | Depths:4 | 48830 ||| Stepping ~*~*~tactically~*~*~ (hiding).
 48834 | Depths:4 | 48834 ||| Stepping ~*~*~tactically~*~*~ (hiding).
 48835 | Depths:4 | 48835 ||| Stepping ~*~*~tactically~*~*~ (hiding).
 48836 | Depths:4 | 48836 ||| Stepping ~*~*~tactically~*~*~ (hiding).
 48848 | Depths:4 | 48848 ||| FLEEEEING.
 48849 | Depths:4 | 48849 ||| FLEEEEING.
 48903 | Depths:4 | 48903 ||| Stepping ~*~*~tactically~*~*~ (hiding).
 48923 | Depths:4 | Found a runed translucent door.
 48923 | Depths:4 | Found a runed translucent door.
 48923 | Depths:4 | Found a runed translucent door.
 48944 | Depths:4 | 48944 ||| UPGRADING to +1 cloak "Ylus" {Contam Rampage
                  | Regen+ Dex+8}.
 48954 | Depths:4 | 48954 ||| DROPPING +1 cloak "Keodutot" {Str-4 Int+4 Slay+5
                  | Stlth+}.
 48955 | Depths:4 | 48955 ||| READING 31 scrolls of identify.
 48955 | Depths:4 | 48955 ||| IDENTIFYING white potion
 48956 | Depths:4 | 48956 ||| DRINKING potion of mutation.
 48956 | Depths:4 | Lost mutation: You have a pair of small horns on your head.
                  | [potion of mutation]
 48956 | Depths:4 | Lost mutation: You occasionally lose the ability to read
                  | scrolls when taking damage. [potion of mutation]
 48956 | Depths:4 | Lost mutation: You are vulnerable to cold. (rC-) [potion of
                  | mutation]
 48956 | Depths:4 | Gained mutation: You have large cloven feet. [potion of
                  | mutation]
 48956 | Depths:4 | Gained mutation: Your mind is acute. (Int +4, Str/Dex -1)
                  | [potion of mutation]
 48956 | Depths:4 | Gained mutation: You possess an exceptional clarity of
                  | mind. [potion of mutation]
 48957 | Depths:4 | 48957 ||| READING 20 scrolls of teleportation.
 48963 | Depths:4 | 48963 ||| Stepping ~*~*~tactically~*~*~ (hiding).
 48967 | Depths:4 | 48967 ||| INVOKING Heroism.
 48968 | Depths:4 | 48968 ||| INVOKING Finesse.
 48977 | Depths:4 | Killed a golden dragon
 49022 | Depths:4 | Found a runed translucent door.
 49029 | Depths:4 | 49029 ||| Stepping ~*~*~tactically~*~*~ (hiding).
 49033 | Depths:4 | 49033 ||| Stepping ~*~*~tactically~*~*~ (hiding).
 49058 | Depths:4 | Found a runed translucent door.
 49065 | Depths:4 | Found a gate to the Realm of Zot.
 49098 | Depths:4 | Found a runed translucent door.
 49231 | Depths:4 | 49231 ||| INVOKING Heroism.
 49232 | Depths:4 | 49232 ||| INVOKING Finesse.
 49239 | Depths:4 | Killed a golden dragon
 49438 | Depths:4 | 49438 ||| PLANNING VAULTS:5
 49806 | Vaults:5 | Entered Level 5 of the Vaults
 49807 | Vaults:5 | 49807 ||| INVOKING Heroism.
 49808 | Vaults:5 | 49808 ||| STAIRDANCE
 49826 | Vaults:5 | 49826 ||| STAIRDANCE
 49843 | Vaults:5 | 49843 ||| STAIRDANCE
 49851 | Vaults:4 | 49851 ||| INVOKING Heroism.
 49857 | Vaults:4 | Received a gift from Okawaru
 49877 | Vaults:5 | 49877 ||| STAIRDANCE
 49899 | Vaults:5 | 49899 ||| STAIRDANCE
 49912 | Vaults:5 | 49912 ||| INVOKING Heroism.
 49913 | Vaults:5 | 49913 ||| INVOKING Finesse.
 49924 | Vaults:5 | Noticed a golden dragon
 49924 | Vaults:5 | Noticed a golden dragon
 49945 | Vaults:5 | Reached skill level 9 in Dodging
 49953 | Vaults:5 | Identified the +1 crystal plate armour of the Trout {rPois}
                  | (Okawaru gifted it to you on level 5 of the Vaults)
 49953 | Vaults:5 | Received a gift from Okawaru
 49960 | Vaults:5 | 49960 ||| STAIRDANCE
 49963 | Vaults:4 | Killed a golden dragon
 50118 | Vaults:5 | 50118 ||| INVOKING Heroism.
 50119 | Vaults:5 | 50119 ||| INVOKING Finesse.
 50124 | Vaults:5 | Reached skill level 21 in Fighting
 50128 | Vaults:5 | 50128 ||| STAIRDANCE
 50162 | Vaults:5 | 50162 ||| STAIRDANCE
 50180 | Vaults:5 | 50180 ||| INVOKING Finesse.
 50182 | Vaults:5 | 50182 ||| STAIRDANCE
 50184 | Vaults:4 | 50184 ||| INVOKING Heroism.
 50192 | Vaults:4 | Killed a golden dragon
 50242 | Vaults:5 | 50242 ||| INVOKING Heroism.
 50246 | Vaults:5 | Reached skill level 12 in Throwing
 50255 | Vaults:5 | Reached XP level 24. HP: 143/166 MP: 30/30
 50261 | Vaults:5 | 50261 ||| STAIRDANCE
 50300 | Vaults:5 | Paralysed by an ironbound convoker for 4 turns
 50304 | Vaults:5 | 50304 ||| STAIRDANCE
 50332 | Vaults:5 | 50332 ||| STAIRDANCE
 50341 | Vaults:5 | 50341 ||| INVOKING Heroism.
 50342 | Vaults:5 | 50342 ||| STAIRDANCE
 50351 | Vaults:5 | 50351 ||| STAIRDANCE
 50417 | Vaults:5 | Reached skill level 22 in Fighting
 50428 | Vaults:5 | 50428 ||| Stepping ~*~*~tactically~*~*~ (hiding).
 50429 | Vaults:5 | 50429 ||| INVOKING Heroism.
 50727 | Vaults:5 | Got a silver rune of Zot
 50736 | Vaults:5 | Identified the +7 chain mail "Poroke" {Dex+3}
 50757 | Vaults:5 | Identified the +3 chain mail of Rokkel {rF- rC++}
 50926 | Vaults:5 | Found Kineow's Distillery.
 50930 | Vaults:5 | 50930 ||| BUYING 2 potions of mutation (224 gold).
 50930 | Vaults:5 | Bought 2 potions of mutation for 224 gold pieces
 50930 | Vaults:5 | 50930 ||| BUYING potion of curing (42 gold).
 50930 | Vaults:5 | Bought a potion of curing for 42 gold pieces
 50930 | Vaults:5 | 50930 ||| BUYING potion of lignification (42 gold).
 50930 | Vaults:5 | Bought a potion of lignification for 42 gold pieces
 50930 | Vaults:5 | 50930 ||| BUYING potion of mutation (112 gold).
 50930 | Vaults:5 | Bought a potion of mutation for 112 gold pieces
 50930 | Vaults:5 | 50930 ||| BUYING potion of mutation (112 gold).
 50930 | Vaults:5 | Bought a potion of mutation for 112 gold pieces
 50930 | Vaults:5 | 50930 ||| BUYING potion of resistance (140 gold).
 50930 | Vaults:5 | Bought a potion of resistance for 140 gold pieces
 51367 | Vaults:5 | Identified the +1 cloak of Romaq {Stlth+}
 51432 | Vaults:5 | 51432 ||| Stepping ~*~*~tactically~*~*~ (hiding).
 51437 | Vaults:5 | 51437 ||| INVOKING Heroism.
 51467 | Vaults:5 | Identified the +4 glaive "Oheesh" {flame, *Noise +Blink
                  | Int+8}
 51473 | Vaults:5 | Identified the ring "Luyz" {Will+ Dex+4}
 51776 | Vaults:5 | 51776 ||| PLANNING SHOPPING SPREE
 51776 | Vaults:5 | 51776 ||| DROPPING +1 crystal plate armour of the Trout
                  | {rPois}.
 51777 | Vaults:5 | 51777 ||| UPGRADING to amulet of reflection.
 51787 | Vaults:5 | 51787 ||| DROPPING amulet of regeneration.
 51788 | Vaults:5 | 51788 ||| DROPPING ring "Luyz" {Will+ Dex+4}.
 52105 | D:9      | 52105 ||| BUYING scroll of enchant armour (120 gold).
 52105 | D:9      | Bought a scroll of enchant armour for 120 gold pieces
 52175 | D:6      | 52175 ||| BUYING potion of haste (140 gold).
 52175 | D:6      | Bought a potion of haste for 140 gold pieces
 52175 | D:6      | 52175 ||| BUYING potion of lignification (42 gold).
 52175 | D:6      | Bought a potion of lignification for 42 gold pieces
 52175 | D:6      | 52175 ||| BUYING potion of might (56 gold).
 52175 | D:6      | Bought a potion of might for 56 gold pieces
 52245 | D:3      | 52245 ||| BUYING potion of haste (120 gold).
 52245 | D:3      | Bought a potion of haste for 120 gold pieces
 52245 | D:3      | 52245 ||| BUYING potion of haste (120 gold).
 52245 | D:3      | Bought a potion of haste for 120 gold pieces
 52245 | D:3      | 52245 ||| BUYING potion of resistance (120 gold).
 52245 | D:3      | Bought a potion of resistance for 120 gold pieces
 52484 | Snake:1  | 52484 ||| BUYING ring "Vamiffir" {rC+ Str+4 Int-3 Stlth+}
                  | (516 gold).
 52484 | Snake:1  | Bought the ring "Vamiffir" {rC+ Str+4 Int-3 Stlth+} for 516
                  | gold pieces
 52484 | Snake:1  | 52484 ||| BUYING ring of fire (350 gold).
 52484 | Snake:1  | Bought a ring of fire for 350 gold pieces
 52484 | Snake:1  | 52484 ||| DROPPING ring of protection from cold.
 52529 | Snake:2  | 52529 ||| BUYING ring "Neclauth" {rCorr EV+4 Str+3} (933
                  | gold).
 52529 | Snake:2  | Bought the ring "Neclauth" {rCorr EV+4 Str+3} for 933 gold
                  | pieces
 52529 | Snake:2  | 52529 ||| BUYING ring of the Shining Light {Fire Str+2}
                  | (615 gold).
 52529 | Snake:2  | Bought the ring of the Shining Light {Fire Str+2} for 615
                  | gold pieces
 52529 | Snake:2  | 52529 ||| DROPPING ring of fire.
 52530 | Snake:2  | 52530 ||| DROPPING ring of resist corrosion.
 52531 | Snake:2  | 52531 ||| UPGRADING to ring "Neclauth" {rCorr EV+4 Str+3}.
 52533 | Snake:2  | 52533 ||| DROPPING +4 ring of protection.
 52534 | Snake:2  | 52534 ||| UPGRADING to ring of Feohaar {rF++ rCorr AC+4
                  | Str-4 Int+2}.
 52829 | Vaults:1 | 52829 ||| CLEARING SHOPPING LIST
 52829 | Vaults:1 | 52829 ||| PLANNING ZOT:1-4
 52829 | Vaults:1 | 52829 ||| READING 21 scrolls of teleportation.
 53125 | Zot:1    | Entered Level 1 of the Realm of Zot
 53184 | Zot:1    | 53184 ||| INVOKING Heroism.
 53282 | Zot:1    | Noticed qw's ghost (veteran GrFi)
 53283 | Zot:1    | Found a runed translucent door.
 53284 | Zot:1    | Found a shimmering altar of Xom.
 53366 | Zot:1    | 53366 ||| INVOKING Heroism.
 53467 | Zot:1    | Gained mutation: You are weak. (Str -2) [mutagenic glow]
 53484 | Zot:1    | Gained mutation: Your body sometimes deteriorates upon
                  | taking damage. [mutagenic glow]
 53495 | Zot:1    | Gained mutation: You have a pair of small antennae on your
                  | head. [mutagenic glow]
 53613 | Zot:1    | 53613 ||| Stepping ~*~*~tactically~*~*~ (hiding).
 53615 | Zot:1    | 53615 ||| Stepping ~*~*~tactically~*~*~ (hiding).
 53616 | Zot:1    | 53616 ||| Stepping ~*~*~tactically~*~*~ (hiding).
 53617 | Zot:1    | 53617 ||| INVOKING Heroism.
 53749 | Zot:2    | Noticed a Killer Klown
 53750 | Zot:2    | 53750 ||| READING 21 scrolls of teleportation.
 53751 | Zot:2    | Noticed a Killer Klown
 53757 | Zot:2    | 53757 ||| Stepping ~*~*~tactically~*~*~ (hiding).
 53759 | Zot:2    | 53759 ||| INVOKING Heroism.
 53939 | Zot:2    | 53939 ||| Stepping ~*~*~tactically~*~*~ (stealth).
 53940 | Zot:2    | Found the +4 dragonskin cloak
 53940 | Zot:2    | Noticed Tiamat
 53941 | Zot:2    | 53941 ||| INVOKING Heroism.
 53942 | Zot:2    | 53942 ||| INVOKING Finesse.
 53995 | Zot:2    | Killed Tiamat
 53995 | Zot:2    | Identified the +1 chain mail of Dutosais {+Blink rF++ rN+
                  | Str+4} (Okawaru gifted it to you on level 2 of the Realm of
                  | Zot)
 53995 | Zot:2    | Received a gift from Okawaru
 54005 | Zot:2    | HP: 40/168 [something/bolt of lightning[Tiamat] (7)]
 54006 | Zot:2    | 54006 ||| READING 21 scrolls of teleportation.
 54007 | Zot:2    | 54007 ||| DRINKING 11 potions of heal wounds.
 54010 | Zot:2    | HP: 40/168 [something (7)]
 54011 | Zot:2    | 54011 ||| DRINKING 10 potions of heal wounds.
 54062 | Zot:2    | HP: 42/169 [acid (6)]
 54063 | Zot:2    | 54063 ||| READING 20 scrolls of teleportation.
 54074 | Zot:2    | 54074 ||| INVOKING Heroism.
 54084 | Zot:2    | Noticed a Killer Klown
 54085 | Zot:2    | Killed a Killer Klown
 54093 | Zot:2    | Noticed an ancient lich
 54095 | Zot:2    | 54095 ||| INVOKING Finesse.
 54127 | Zot:2    | Killed a Killer Klown
 54128 | Zot:2    | 54128 ||| Stepping ~*~*~tactically~*~*~ (hiding).
 54150 | Zot:2    | Killed a Killer Klown
 54152 | Zot:2    | Killed an ancient lich
 54153 | Zot:2    | Reached skill level 23 in Fighting
 54154 | Zot:2    | Noticed a Killer Klown
 54170 | Zot:2    | Killed a Killer Klown
 54175 | Zot:2    | 54175 ||| INVOKING Heroism.
 54291 | Zot:2    | 54291 ||| INVOKING Heroism.
 54423 | Zot:2    | 54423 ||| INVOKING Heroism.
 54488 | Zot:2    | 54488 ||| Stepping ~*~*~tactically~*~*~ (hiding).
 54490 | Zot:2    | 54490 ||| INVOKING Heroism.
 54535 | Zot:2    | Reached XP level 25. HP: 156/176 MP: 30/30
 54550 | Zot:2    | Received a gift from Okawaru
 54640 | Zot:2    | 54640 ||| Stepping ~*~*~tactically~*~*~ (hiding).
 54642 | Zot:2    | 54642 ||| Stepping ~*~*~tactically~*~*~ (hiding).
 54675 | Zot:2    | Noticed a Killer Klown
 54676 | Zot:2    | 54676 ||| Stepping ~*~*~tactically~*~*~ (stealth).
 54677 | Zot:2    | 54677 ||| Stepping ~*~*~tactically~*~*~ (stealth).
 54679 | Zot:2    | 54679 ||| INVOKING Heroism.
 54680 | Zot:2    | 54680 ||| Stepping ~*~*~tactically~*~*~ (hiding).
 54686 | Zot:2    | 54686 ||| INVOKING Finesse.
 54693 | Zot:2    | 54693 ||| Stepping ~*~*~tactically~*~*~ (hiding).
 54704 | Zot:2    | Killed a Killer Klown
 54978 | Zot:3    | 54978 ||| Stepping ~*~*~tactically~*~*~ (hiding).
 54980 | Zot:3    | 54980 ||| Stepping ~*~*~tactically~*~*~ (stealth).
 54981 | Zot:3    | 54981 ||| INVOKING Heroism.
 54989 | Zot:3    | 54989 ||| STAIRDANCE
 55001 | Zot:3    | 55001 ||| STAIRDANCE
 55006 | Zot:2    | 55006 ||| INVOKING Heroism.
 55023 | Zot:2    | Identified the +1 plate armour of Kindness {rF- rC++}
                  | (Okawaru gifted it to you on level 2 of the Realm of Zot)
 55023 | Zot:2    | Received a gift from Okawaru
 55037 | Zot:3    | 55037 ||| Stepping ~*~*~tactically~*~*~ (hiding).
 55040 | Zot:3    | 55040 ||| INVOKING Heroism.
 55080 | Zot:3    | 55080 ||| INVOKING Heroism.
 55138 | Zot:3    | 55138 ||| Stepping ~*~*~tactically~*~*~ (stealth).
 55139 | Zot:3    | 55139 ||| Stepping ~*~*~tactically~*~*~ (stealth).
 55211 | Zot:3    | 55211 ||| INVOKING Heroism.
 55225 | Zot:3    | 55225 ||| Stepping ~*~*~tactically~*~*~ (hiding).
 55550 | Zot:3    | 55550 ||| INVOKING Heroism.
 55552 | Zot:3    | Found a runed translucent door.
 55575 | Zot:3    | Reached skill level 24 in Fighting
 55598 | Zot:3    | 55598 ||| INVOKING Heroism.
 55598 | Zot:3    | Noticed Sebriys's ghost (legendary TrBe)
 55854 | Zot:3    | 55854 ||| DROPPING amulet of guardian spirit.
 55869 | Zot:4    | Noticed an orb of fire
 55870 | Zot:4    | 55870 ||| STAIRDANCE
 55905 | Zot:4    | 55905 ||| STAIRDANCE
 55964 | Zot:4    | 55964 ||| STAIRDANCE
 55966 | Zot:3    | 55966 ||| DRINKING 5 potions of resistance.
 55967 | Zot:3    | 55967 ||| INVOKING Heroism.
 55968 | Zot:3    | 55968 ||| INVOKING Finesse.
 55989 | Zot:3    | Lost mutation: Your mind is acute. (Int +4, Str/Dex -1) [an
                  | orb of fire]
 55997 | Zot:3    | Killed an orb of fire
 56079 | Zot:4    | 56079 ||| INVOKING Heroism.
 56080 | Zot:4    | 56080 ||| STAIRDANCE
 56150 | Zot:4    | 56150 ||| INVOKING Heroism.
 56218 | Zot:4    | 56218 ||| INVOKING Heroism.
 56321 | Zot:4    | 56321 ||| Stepping ~*~*~tactically~*~*~ (hiding).
 56325 | Zot:4    | 56325 ||| INVOKING Heroism.
 56357 | Zot:4    | 56357 ||| Stepping ~*~*~tactically~*~*~ (hiding).
 56410 | Zot:4    | 56410 ||| Stepping ~*~*~tactically~*~*~ (hiding).
 56412 | Zot:4    | 56412 ||| Stepping ~*~*~tactically~*~*~ (hiding).
 56416 | Zot:4    | 56416 ||| INVOKING Heroism.
 56547 | Zot:4    | 56547 ||| INVOKING Heroism.
 56555 | Zot:4    | Received a gift from Okawaru
 56697 | Zot:4    | 56697 ||| Stepping ~*~*~tactically~*~*~ (hiding).
 56702 | Zot:4    | 56702 ||| INVOKING Heroism.
 56720 | Zot:4    | 56720 ||| Stepping ~*~*~tactically~*~*~ (hiding).
 56740 | Zot:4    | 56740 ||| Stepping ~*~*~tactically~*~*~ (hiding).
 56770 | Zot:4    | 56770 ||| FLEEEEING.
 56771 | Zot:4    | 56771 ||| FLEEEEING.
 56773 | Zot:4    | 56773 ||| FLEEEEING.
 56810 | Zot:4    | 56810 ||| Stepping ~*~*~tactically~*~*~ (hiding).
 56821 | Zot:4    | Received a gift from Okawaru
 56932 | Zot:4    | 56932 ||| INVOKING Heroism.
 57090 | Zot:4    | 57090 ||| INVOKING Heroism.
 57198 | Zot:4    | 57198 ||| Stepping randomly (disturbance).
 57201 | Zot:4    | 57201 ||| Stepping randomly (disturbance).
 57202 | Zot:4    | 57202 ||| Stepping randomly (disturbance).
 57362 | Zot:4    | Identified the +0 pair of boots of Servitude {Str+3}
 57435 | Zot:4    | 57435 ||| PLANNING THE SHINING ONE WORSHIP
 57435 | Zot:4    | 57435 ||| DROPPING +0 pair of boots of Servitude {Str+3}.
 57657 | D:15     | Fell from the grace of Okawaru
 57657 | D:15     | Became a worshipper of the Shining One
 57658 | D:15     | 57658 ||| PLANNING CRYPT
 57903 | Crypt:1  | Entered Level 1 of the Crypt
 57916 | Crypt:1  | Reached * piety under the Shining One
 58056 | Crypt:1  | Reached ** piety under the Shining One
 58095 | Crypt:1  | Noticed Bai Suzhen
 58100 | Crypt:1  | 58100 ||| Stepping ~*~*~tactically~*~*~ (stealth).
 58112 | Crypt:1  | Killed Bai Suzhen
 58174 | Crypt:1  | 58174 ||| Stepping ~*~*~tactically~*~*~ (cloud).
 58308 | Crypt:1  | 58308 ||| Stepping ~*~*~tactically~*~*~ (stealth).
 58321 | Crypt:1  | 58321 ||| Stepping ~*~*~tactically~*~*~ (stealth).
 58322 | Crypt:1  | Reached *** piety under the Shining One
 58336 | Crypt:1  | Found a runed translucent gate.
 58336 | Crypt:1  | Found a runed translucent gate.
 58336 | Crypt:1  | Found a runed translucent gate.
 58337 | Crypt:1  | Noticed Waammiq's ghost (veteran GrEE)
 58393 | Crypt:1  | Found a basalt altar of Yredelemnul.
 58576 | Crypt:1  | Noticed Grunn
 58577 | Crypt:1  | 58577 ||| Stepping ~*~*~tactically~*~*~ (hiding).
 58580 | Crypt:1  | 58580 ||| INVOKING Cleansing Flame.
 58585 | Crypt:1  | Reached XP level 26. HP: 186/186 MP: 31/31
 58585 | Crypt:1  | 58585 ||| INVOKING Cleansing Flame.
 58589 | Crypt:1  | Reached skill level 12 in Invocations
 58593 | Crypt:1  | 58593 ||| INVOKING Cleansing Flame.
 58594 | Crypt:1  | 58594 ||| INVOKING Cleansing Flame.
 58599 | Crypt:1  | Killed Grunn
 58953 | Crypt:2  | Reached **** piety under the Shining One
 58954 | Crypt:2  | 58954 ||| STAIRDANCE
 59024 | Crypt:2  | 59024 ||| STAIRDANCE
 59104 | Crypt:2  | 59104 ||| STAIRDANCE
 59194 | Crypt:2  | 59194 ||| STAIRDANCE
 59273 | Crypt:2  | 59273 ||| STAIRDANCE
 59352 | Crypt:2  | 59352 ||| STAIRDANCE
 59430 | Crypt:2  | Reached ***** piety under the Shining One
 59626 | Crypt:2  | 59626 ||| Stepping ~*~*~tactically~*~*~ (hiding).
 59628 | Crypt:2  | 59628 ||| Stepping ~*~*~tactically~*~*~ (hiding).
 60187 | Crypt:2  | 60187 ||| Stepping ~*~*~tactically~*~*~ (cloud).
 60189 | Crypt:3  | Entered Level 3 of the Crypt
 60358 | Crypt:3  | 60358 ||| Stepping ~*~*~tactically~*~*~ (hiding).
 60389 | Crypt:3  | 60389 ||| Stepping ~*~*~tactically~*~*~ (stealth).
 60390 | Crypt:3  | 60390 ||| Stepping ~*~*~tactically~*~*~ (hiding).
 60392 | Crypt:3  | 60392 ||| Stepping ~*~*~tactically~*~*~ (hiding).
 60393 | Crypt:3  | 60393 ||| Stepping ~*~*~tactically~*~*~ (hiding).
 60405 | Crypt:3  | Reached ****** piety under the Shining One
 60413 | Crypt:3  | 60413 ||| INVOKING Brand Weapon With Holy Wrath.
 60413 | Crypt:3  | Identified a +5 war axe of holy wrath (a +3 war axe blessed
                  | by the Shining One)
 60413 | Crypt:3  | Received a gift from the Shining One
 60414 | Crypt:3  | 60414 ||| DROPPING +5 war axe of holy wrath.
 60453 | Crypt:3  | 60453 ||| Stepping ~*~*~tactically~*~*~ (stealth).
 60456 | Crypt:3  | 60456 ||| Stepping ~*~*~tactically~*~*~ (hiding).
 60509 | Crypt:3  | 60509 ||| INVOKING Cleansing Flame.
 60564 | Crypt:3  | 60564 ||| INVOKING Cleansing Flame.
 60568 | Crypt:3  | 60568 ||| INVOKING Cleansing Flame.
 60572 | Crypt:3  | 60572 ||| INVOKING Cleansing Flame.
 60672 | Crypt:3  | 60672 ||| INVOKING Summon Divine Warrior.
 60674 | Crypt:3  | 60674 ||| INVOKING Cleansing Flame.
 61298 | Crypt:3  | Found a staircase to the Tomb.
 61403 | Crypt:3  | Identified the ring of Oqocireng {rPois rC+ rN+ Will+++
                  | Dex-3}
 61532 | Crypt:3  | Noticed a dread lich
 61548 | Crypt:3  | Noticed a dread lich
 61553 | Crypt:3  | 61553 ||| INVOKING Cleansing Flame.
 61553 | Crypt:3  | Killed a dread lich
 61555 | Crypt:3  | 61555 ||| INVOKING Cleansing Flame.
 61564 | Crypt:3  | Killed a dread lich
 61565 | Crypt:3  | Reached skill level 15 in Invocations
 61623 | Crypt:3  | Identified the ring of Xump {rF- rN+ Will+ Int+9 Dex-4}
 61623 | Crypt:3  | Identified the ring of Wyaxiot {*Slow rC+++ rN+ Int-5 SInv}
 61626 | Crypt:3  | Identified the +1 sling of Vanity {flame, +Blink Fly rC+}
 61627 | Crypt:3  | Identified the +9 morningstar of Broken Luck {freeze,
                  | +Blink Will+ Str-2 SInv}
 61654 | Crypt:3  | 61654 ||| PLANNING TOMB
 61654 | Crypt:3  | 61654 ||| DROPPING ring of Xump {rF- rN+ Will+ Int+9
                  | Dex-4}.
 61728 | Tomb:1   | Entered Level 1 of the Tomb of the Ancients
 62199 | Tomb:1   | 62199 ||| INVOKING Cleansing Flame.
 62248 | Tomb:1   | Noticed a royal mummy
 62249 | Tomb:1   | 62249 ||| INVOKING Summon Divine Warrior.
 62257 | Tomb:1   | 62257 ||| INVOKING Cleansing Flame.
 62258 | Tomb:1   | 62258 ||| INVOKING Cleansing Flame.
 62259 | Tomb:1   | 62259 ||| INVOKING Cleansing Flame.
 62260 | Tomb:1   | 62260 ||| INVOKING Cleansing Flame.
 62264 | Tomb:1   | HP: 46/186 [fire giant/+2 great sword of flaming[the fury
                  | of Okawaru] (9)]
 62265 | Tomb:1   | 62265 ||| READING 22 scrolls of teleportation.
 62266 | Tomb:1   | 62266 ||| DRINKING 12 potions of heal wounds.
 62470 | Tomb:1   | Noticed a royal mummy
 62479 | Tomb:1   | Killed a royal mummy
 62488 | Tomb:1   | 62488 ||| INVOKING Cleansing Flame.
 62489 | Tomb:1   | 62489 ||| INVOKING Cleansing Flame.
 62490 | Tomb:1   | 62490 ||| INVOKING Cleansing Flame.
 62491 | Tomb:1   | 62491 ||| INVOKING Cleansing Flame.
 62491 | Tomb:1   | Killed a royal mummy
 62492 | Tomb:1   | 62492 ||| INVOKING Cleansing Flame.
 62736 | Tomb:1   | 62736 ||| Stepping ~*~*~tactically~*~*~ (hiding).
 63016 | Tomb:2   | 63016 ||| DRINKING 8 potions of haste.
 63017 | Tomb:2   | 63017 ||| DRINKING 9 potions of attraction.
 63018 | Tomb:2   | 63018 ||| INVOKING Cleansing Flame.
 63019 | Tomb:2   | 63019 ||| INVOKING Cleansing Flame.
 63020 | Tomb:2   | 63020 ||| INVOKING Cleansing Flame.
 63020 | Tomb:2   | Noticed a royal mummy
 63020 | Tomb:2   | Noticed a royal mummy
 63021 | Tomb:2   | Noticed a royal mummy
 63021 | Tomb:2   | 63021 ||| INVOKING Summon Divine Warrior.
 63022 | Tomb:2   | 63022 ||| INVOKING Cleansing Flame.
 63022 | Tomb:2   | Noticed a royal mummy
 63023 | Tomb:2   | 63023 ||| INVOKING Cleansing Flame.
 63027 | Tomb:2   | Killed a royal mummy
 63032 | Tomb:2   | Killed a royal mummy
 63035 | Tomb:2   | Killed a royal mummy
 63042 | Tomb:2   | Killed a royal mummy
 63043 | Tomb:2   | Reached XP level 27. HP: 172/192 MP: 35/35
 63118 | Tomb:2   | 63118 ||| INVOKING Cleansing Flame.
 63119 | Tomb:2   | 63119 ||| INVOKING Cleansing Flame.
 63145 | Tomb:2   | 63145 ||| INVOKING Cleansing Flame.
 63146 | Tomb:2   | 63146 ||| INVOKING Cleansing Flame.
 63159 | Tomb:2   | 63159 ||| Stepping ~*~*~tactically~*~*~ (hiding).
 63161 | Tomb:2   | 63161 ||| INVOKING Cleansing Flame.
 63169 | Tomb:2   | Reached skill level 18 in Invocations
 63401 | Tomb:2   | Was forgiven by Okawaru
 63612 | Tomb:1   | Noticed a royal mummy
 63613 | Tomb:1   | 63613 ||| Stepping ~*~*~tactically~*~*~ (hiding).
 63615 | Tomb:1   | Noticed a royal mummy
 63616 | Tomb:1   | 63616 ||| Stepping ~*~*~tactically~*~*~ (hiding).
 63617 | Tomb:1   | 63617 ||| INVOKING Summon Divine Warrior.
 63618 | Tomb:1   | Noticed a royal mummy
 63618 | Tomb:1   | Noticed a royal mummy
 63618 | Tomb:1   | Noticed a royal mummy
 63633 | Tomb:1   | Killed a royal mummy
 63634 | Tomb:1   | 63634 ||| INVOKING Cleansing Flame.
 63634 | Tomb:1   | HP: 43/192 [??? (8)]
 63635 | Tomb:1   | 63635 ||| READING 23 scrolls of teleportation.
 63636 | Tomb:1   | 63636 ||| DRINKING 12 potions of heal wounds.
 63637 | Tomb:1   | 63637 ||| INVOKING Cleansing Flame.
 63638 | Tomb:1   | 63638 ||| INVOKING Cleansing Flame.
 63873 | Tomb:1   | Noticed a royal mummy
 63874 | Tomb:1   | 63874 ||| Stepping ~*~*~tactically~*~*~ (stealth).
 63875 | Tomb:1   | 63875 ||| INVOKING Summon Divine Warrior.
 63878 | Tomb:1   | Noticed a royal mummy
 63879 | Tomb:1   | 63879 ||| INVOKING Cleansing Flame.
 63880 | Tomb:1   | 63880 ||| INVOKING Cleansing Flame.
 63881 | Tomb:1   | 63881 ||| INVOKING Cleansing Flame.
 63882 | Tomb:1   | 63882 ||| INVOKING Cleansing Flame.
 63882 | Tomb:1   | Killed a royal mummy
 63882 | Tomb:1   | Killed a royal mummy
 63884 | Tomb:1   | 63884 ||| INVOKING Cleansing Flame.
 63885 | Tomb:1   | 63885 ||| INVOKING Cleansing Flame.
 63888 | Tomb:1   | Killed a royal mummy
 63892 | Tomb:1   | Killed a royal mummy
 63893 | Tomb:1   | 63893 ||| INVOKING Cleansing Flame.
 63894 | Tomb:1   | Noticed a royal mummy
 63898 | Tomb:1   | HP: 46/192 [??? (8)]
 63899 | Tomb:1   | 63899 ||| READING 22 scrolls of teleportation.
 63900 | Tomb:1   | 63900 ||| DRINKING 11 potions of heal wounds.
 63900 | Tomb:1   | Killed a royal mummy
 63902 | Tomb:1   | 63902 ||| DRINKING 10 potions of heal wounds.
 63903 | Tomb:1   | 63903 ||| READING 21 scrolls of teleportation.
 63903 | Tomb:1   | HP: 34/192 [royal mummy (16)]
 63904 | Tomb:1   | 63904 ||| DRINKING 9 potions of heal wounds.
 64085 | Tomb:1   | Noticed a royal mummy
 64086 | Tomb:1   | 64086 ||| Stepping ~*~*~tactically~*~*~ (hiding).
 64087 | Tomb:1   | 64087 ||| Stepping ~*~*~tactically~*~*~ (hiding).
 64088 | Tomb:1   | 64088 ||| Stepping ~*~*~tactically~*~*~ (hiding).
 64089 | Tomb:1   | 64089 ||| INVOKING Summon Divine Warrior.
 64091 | Tomb:1   | 64091 ||| INVOKING Cleansing Flame.
 64092 | Tomb:1   | 64092 ||| INVOKING Cleansing Flame.
 64093 | Tomb:1   | 64093 ||| INVOKING Cleansing Flame.
 64098 | Tomb:1   | 64098 ||| INVOKING Cleansing Flame.
 64099 | Tomb:1   | 64099 ||| INVOKING Cleansing Flame.
 64102 | Tomb:1   | Killed a royal mummy
 64105 | Tomb:1   | 64105 ||| INVOKING Cleansing Flame.
 64106 | Tomb:1   | 64106 ||| INVOKING Cleansing Flame.
 64112 | Tomb:1   | Killed a royal mummy
 64114 | Tomb:1   | 64114 ||| INVOKING Summon Divine Warrior.
 64117 | Tomb:1   | Killed a royal mummy
 64118 | Tomb:1   | Noticed a royal mummy
 64121 | Tomb:1   | 64121 ||| INVOKING Cleansing Flame.
 64122 | Tomb:1   | 64122 ||| DRINKING 2 potions of magic.
 64126 | Tomb:1   | 64126 ||| INVOKING Summon Divine Warrior.
 64130 | Tomb:1   | HP: 46/192 [emperor scorpion[a royal mummy] (11)]
 64131 | Tomb:1   | 64131 ||| READING 20 scrolls of teleportation.
 64132 | Tomb:1   | 64132 ||| DRINKING 8 potions of heal wounds.
 64448 | Tomb:1   | Noticed a royal mummy
 64449 | Tomb:1   | 64449 ||| INVOKING Summon Divine Warrior.
 64462 | Tomb:1   | Killed a royal mummy
 64513 | Tomb:1   | 64513 ||| INVOKING Cleansing Flame.
 64519 | Tomb:1   | Killed a royal mummy
 64549 | Tomb:1   | Noticed a royal mummy
 64551 | Tomb:1   | 64551 ||| INVOKING Cleansing Flame.
 64552 | Tomb:1   | 64552 ||| INVOKING Cleansing Flame.
 64553 | Tomb:1   | 64553 ||| INVOKING Cleansing Flame.
 64554 | Tomb:1   | 64554 ||| INVOKING Cleansing Flame.
 64555 | Tomb:1   | 64555 ||| INVOKING Cleansing Flame.
 64555 | Tomb:1   | Killed a royal mummy
 64646 | Tomb:1   | Noticed a royal mummy
 64647 | Tomb:1   | Noticed a royal mummy
 64650 | Tomb:1   | 64650 ||| INVOKING Cleansing Flame.
 64663 | Tomb:1   | Killed a royal mummy
 64663 | Tomb:1   | Noticed a royal mummy
 64666 | Tomb:1   | Noticed a royal mummy
 64674 | Tomb:1   | Killed a royal mummy
 64679 | Tomb:1   | Noticed a royal mummy
 64685 | Tomb:1   | Killed a royal mummy
 64687 | Tomb:1   | Killed a royal mummy
 64687 | Tomb:1   | HP: 47/192 [something (24)]
 64688 | Tomb:1   | 64688 ||| READING 19 scrolls of teleportation.
 65037 | Tomb:1   | 65037 ||| INVOKING Cleansing Flame.
 65038 | Tomb:1   | 65038 ||| INVOKING Cleansing Flame.
 65051 | Tomb:1   | Killed a royal mummy
 65146 | Tomb:1   | 65146 ||| Stepping ~*~*~tactically~*~*~ (stealth).
 65148 | Tomb:1   | 65148 ||| Stepping ~*~*~tactically~*~*~ (hiding).
 65152 | Tomb:1   | 65152 ||| Stepping ~*~*~tactically~*~*~ (hiding).
 65154 | Tomb:1   | 65154 ||| Stepping ~*~*~tactically~*~*~ (hiding).
 65157 | Tomb:1   | 65157 ||| INVOKING Cleansing Flame.
 65158 | Tomb:1   | 65158 ||| INVOKING Cleansing Flame.
 72826 | Tomb:1   | Glimpsed the power of Zot.
 73324 | Tomb:1   | Glimpsed the power of Zot.
 73723 | Tomb:1   | Glimpsed the power of Zot.
 73822 | Tomb:1   | Touched by the power of Zot.
 73823 | Tomb:1   | Glimpsed the power of Zot.
 74322 | Tomb:2   | Glimpsed the power of Zot.
 74720 | Tomb:1   | Glimpsed the power of Zot.
 74819 | Tomb:1   | Touched by the power of Zot.
 74820 | Tomb:1   | Glimpsed the power of Zot.
 75318 | Tomb:1   | Glimpsed the power of Zot.
 75716 | Tomb:1   | Glimpsed the power of Zot.
 75815 | Tomb:1   | Touched by the power of Zot.
 75816 | Tomb:1   | Glimpsed the power of Zot.
 76314 | Tomb:1   | Glimpsed the power of Zot.
 76713 | Tomb:1   | Glimpsed the power of Zot.
 76812 | Tomb:1   | Touched by the power of Zot.
 76813 | Tomb:1   | Glimpsed the power of Zot.
 77311 | Tomb:1   | Glimpsed the power of Zot.
 77709 | Tomb:1   | Glimpsed the power of Zot.
 77808 | Tomb:1   | Touched by the power of Zot.
 77809 | Tomb:1   | Glimpsed the power of Zot.
 78307 | Tomb:1   | Glimpsed the power of Zot.
 78705 | Tomb:2   | Glimpsed the power of Zot.
 78804 | Tomb:1   | Touched by the power of Zot.
 78805 | Tomb:1   | Glimpsed the power of Zot.
 79304 | Tomb:1   | Glimpsed the power of Zot.
 79702 | Tomb:1   | Glimpsed the power of Zot.
 79801 | Tomb:1   | Touched by the power of Zot.
 79802 | Tomb:1   | Glimpsed the power of Zot.
 80300 | Tomb:1   | Glimpsed the power of Zot.
 80699 | Tomb:1   | Glimpsed the power of Zot.
 80797 | Tomb:1   | Touched by the power of Zot.
 80798 | Tomb:1   | Glimpsed the power of Zot.
 81296 | Tomb:2   | Glimpsed the power of Zot.
 81695 | Tomb:1   | Glimpsed the power of Zot.
 81794 | Tomb:1   | Touched by the power of Zot.
 81795 | Tomb:1   | Glimpsed the power of Zot.
 82293 | Tomb:1   | Glimpsed the power of Zot.
 82691 | Tomb:1   | Glimpsed the power of Zot.
 82790 | Tomb:1   | Touched by the power of Zot.
 82791 | Tomb:1   | Glimpsed the power of Zot.
 83289 | Tomb:1   | Glimpsed the power of Zot.
 83688 | Tomb:1   | Glimpsed the power of Zot.
 83787 | Tomb:1   | Touched by the power of Zot.
 83788 | Tomb:1   | Glimpsed the power of Zot.
 84286 | Tomb:1   | Glimpsed the power of Zot.
 84684 | Tomb:1   | Glimpsed the power of Zot.
 84783 | Tomb:1   | Touched by the power of Zot.
 84784 | Tomb:1   | Glimpsed the power of Zot.
 85282 | Tomb:1   | Glimpsed the power of Zot.
 85680 | Tomb:2   | Glimpsed the power of Zot.
 85779 | Tomb:1   | Touched by the power of Zot.
 85780 | Tomb:1   | Glimpsed the power of Zot.
 86279 | Tomb:1   | Glimpsed the power of Zot.
 86677 | Tomb:1   | Glimpsed the power of Zot.
 86776 | Tomb:1   | Touched by the power of Zot.
 86777 | Tomb:1   | Glimpsed the power of Zot.
 87275 | Tomb:1   | Glimpsed the power of Zot.
 87674 | Tomb:1   | Glimpsed the power of Zot.
 87772 | Tomb:1   | Touched by the power of Zot.
 87773 | Tomb:1   | Glimpsed the power of Zot.
 88271 | Tomb:2   | Glimpsed the power of Zot.
 88670 | Tomb:1   | Glimpsed the power of Zot.
 88769 | Tomb:1   | Touched by the power of Zot.
 88770 | Tomb:1   | Glimpsed the power of Zot.
 89268 | Tomb:1   | Glimpsed the power of Zot.
 89666 | Tomb:1   | Glimpsed the power of Zot.
 89765 | Tomb:1   | Touched by the power of Zot.
 89766 | Tomb:1   | Glimpsed the power of Zot.
 90264 | Tomb:1   | Glimpsed the power of Zot.
 90663 | Tomb:1   | Glimpsed the power of Zot.
 90762 | Tomb:1   | Touched by the power of Zot.
 90763 | Tomb:1   | Quit the game

Levels and vault maps discovered:
D:1:      minmay_arrival_hallway, layout_basic, kennysheep_flooded_box
D:2:      layout_loops_ring, basic_altar, shapermc_ecumenical_altar_rom_forum,
          uniq_natasha
D:3:      layout_basic, serial_shops, shop, nicolae_shop_behind_doors,
          uniq_robin
D:4:      layout_gridville, overflow_temple_1_default,
          minmay_temple_entry_antechambers
D:5:      layout_cave_pools, nicolae_dithmenos_shadow_blocks, serial_shops,
          shop, serial_gnoll_camp, gnoll_camp_mini_basic, gnoll_camp_mini_shop,
          gnoll_camp_mini_hut, gnoll_camp_mini_basic, gnoll_camp_mini_house
D:6:      layout_loops_cross, serial_shops, nicolae_shop_stone, uniq_grinder
D:7:      layout_basic, nicolae_uskayaw_dance_studio
D:8:      layout_basic, grunt_qazlal_sundering, mainiacjoe_overflow_catwalk,
          serial_shops, nicolae_shop_bloodbath_and_beyond, serial_glass,
          glass_columns_a, glass_columns_a, minmay_strange_pillars,
          due_unseen_surprise, minmay_strange_pillars, feat_on_display,
          minmay_misc_feat_plants, uniq_psyche, uniq_erica
D:9:      layout_long_grid, mainiacjoe_overflow_small_starburst,
          due_lair_maze_entry_diamond, serial_shops, nicolae_shop_statue_plus
D:10:     layout_roguey, nicolae_ru_great_annihilating_truth,
          lemuel_doored_altar, gammafunk_ghost_icy, minmay_between, uniq_sonja
D:11:     layout_big_octagon, ebering_ghost_disaster_area, tgw_fedhas
D:12:     layout_grid_maze, serial_shops, nicolae_lakefront_shop
D:13:     layout_cave_pods, david_vaults_3, portal_ice_cave_rime,
          gammafunk_ghost_crypt, grunt_ministairs_10
D:14:     layout_rooms, gammafunk_ghost_split, nemelex_spade_bored_becter,
          serial_corexii_hall, corexii_hall_statues_l, corexii_hall_statues_t,
          chequers_hall_statues_y, corexii_hall_statues_i,
          corexii_hall_statues_s, chequers_hall_statues_y
D:15:     hangedman_depths_entry_try_elsewhere_first, layout_stronghold,
          tso_altar, lemuel_nasty_fountain, uniq_agnes, uniq_nessos
Temple:   dpeg_chambers_temple
Lair:1:   minmay_lair_oklob_chamber, layout_loops_ring
Lair:2:   layout_long_grid, bh_autumn_forest_stairs, lemuel_fruit_fields
Lair:3:   layout_roguey, elwin_shoals_entry_rooms,
          minmay_snake_entry_six_corridors
Lair:4:   layout_concentric_octagons, enter_volcano_4, uniq_kirke
Lair:5:   minmay_lair_end_enchanted_forest, layout_gridlike,
          minmay_slime_entry_pillars, serial_bayou_shore_b, uniq_rupert
Shoals:1: layout_shoals, uniq_donald, uniq_louise
Shoals:2: layout_shoals, lightli_airlock
Shoals:3: layout_shoals, uniq_jorgrun
Shoals:4: shoals_end_hellmonk_lost_city, serial_shops
Snake:1:  layout_basic, gammafunk_ghost_wrathful_warriors, serial_shops, shop
Snake:2:  layout_grid_shapes, nicolae_shop_unique_rings,
          nicolae_snake_scaly_snakehead, serial_bayou_shore_a, minmay_shop_grove
Snake:3:  layout_cave_pods, serial_shops, nicolae_shop_waterfront,
          serial_bayou_lagoon_b, serial_bayou_shore_b, grunt_megastairs_4,
          uniq_vashnia
Snake:4:  hellmonk_snake_rune_quicksilver_temple, layout_grid_maze,
          lemuel_fruit_tree, serial_bayou_shore_b, minmay_shoptagon, uniq_aizul,
          uniq_roxanne
Orc:1:    layout_caves
Orc:2:    grunt_orc_cross, layout_caves, serial_shops, shop
Vaults:1: v_pattern_4, ontoclasm_vaults_hangar, v_misc_33,
          hangedman_vaults_locks, v_misc_19, ontoclasm_vaults_gateway,
          nicolae_vaults_mini_display_case, vaults_dpeg_encased_lava,
          vaults_room_large_hall, ontoclasm_vaults_shuriken, v_rooms_1,
          ontoclasm_vaults_ring_square, v_misc_11, nicolae_vaults_specimen_jars,
          layout_vaults_omnicross, serial_shops, nicolae_shop_statue_plus,
          uniq_zenata
Vaults:2: minmay_crypt_entry_simple_walls, v_misc_2, v_rooms_4,
          vaults_dpeg_hooks, nicolae_vaults_disjoint_gnomons,
          hangedman_vaults_restitches, nicolae_vaults_little_squares_1,
          v_misc_9, nicolae_vaults_network_star, grunt_vaults_hallway_short,
          layout_vaults_omnigrid, serial_shops, shop_statue
Vaults:3: v_misc_33, v_misc_10, vaults_room_door_hall,
          nicolae_vaults_little_squares_3, nicolae_vaults_theta,
          special_room_vaults [special_room_orc], v_rooms_3,
          ontoclasm_vaults_fault, nicolae_vaults_rhombus_6,
          nicolae_vaults_alarming, v_misc_10, v_misc_19, vaults_dpeg_cross,
          hangedman_vaults_stretched_pinwheel, vaults_room_fancy_cross,
          layout_vaults_omnibox
Vaults:4: vaults_room_fours, v_misc_8, v_rooms_5, ontoclasm_vaults_bender,
          hangedman_vaults_pinch, ontoclasm_vaults_loading_screen,
          vaults_room_pools, nicolae_vaults_network_quinsquares
          [nicolae_vaults_network_quincunx_subvault,
          nicolae_vaults_network_quincunx_subvault,
          nicolae_vaults_network_quincunx_subvault,
          nicolae_vaults_network_quincunx_subvault], ontoclasm_vaults_tryst,
          grunt_vaults_trifunnel, ontoclasm_vaults_idyll, ontoclasm_vaults_spin,
          vaults_room_semicircle, vaults_room_grid, layout_vaults_ring,
          serial_shops, shop
Vaults:5
Crypt:1:  layout_gridlike, ebering_ghost_rock_garden, lemuel_statue_altar,
          uniq_bai_suzhen, uniq_grunn
Crypt:2:  layout_misc_corridors, grunt_megastairs_5, lemuel_elevator,
          lemuel_upstairs_altar
Crypt:3:  david_glass_crypt, layout_gridlike, tomb_entry_sphere_bobbens,
          uniq_saint_roka
Tomb:1
Tomb:2
Depths:1: layout_gridlike, enter_ziggurat_e, hell_entry, minmay_room_of_horrors,
          minmay_microvault
Depths:2: minmay_skeleton_keep, layout_honeycomb, rand_demon_pan_entry_4,
          hell_entry, grunt_ministairs_8, minmay_the_grid_2x2
          [minmay_the_grid_gridbox, minmay_the_grid_tiny_cups,
          minmay_the_grid_paths, minmay_the_grid_prize_trominoes]
Depths:3: cheibrodos_cascadia, layout_cave_shapes, hangedman_decor_growths,
          hangedman_coc_ice_floe, nicolae_abyss_entry_one_way_or_another,
          small_statue_intersection, kennysheep_vampire_church,
          infiniplex_staircase_spiral
Depths:4: evilmike_zot_entry_castle, layout_basic, rand_demon_pan_entry_5,
          grunt_hell_entry_dis_mu, hangedman_abyss_or_decor_stabs,
          serial_bayou_shore_b, serial_bayou_shore_b
Zot:1:    layout_misc_corridors, ebering_ghost_xom
Zot:2:    ebering_klown_carousel, layout_basic, st_stairs_9, grunt_megastairs_3,
          uniq_tiamat
Zot:3:    layout_onion_interference, hellmonk_ghost_big_iron
Zot:4:    layout_gridlike

Skill      XL: |  1  2  3  4  5  6  7  8  9 10 11 12 13 14 15 16 17 18 19 20 21 22 23 24 25 26 27 |
---------------+----------------------------------------------------------------------------------+-----
Axes           | 2 3 4 5 6 7 8 9 10 12 14 15 16 17 18 | 18.0
Fighting       | 4 5 6 7 8 9 10 11 12 14 15 17 18 20 21 23 24 | 24.6
Dodging        | 1 2 3 4 5 9 11 | 11.0
Invocations    | 3 4 6 10 11 17 20 | 20.3
Armour         | 4 5 6 8 9 10 13 14 15 16 17 19 20 21 22 23 | 23.0
Throwing       | 1 3 5 7 8 9 10 11 12 13 14 | 14.0
Shields        | 6 9 10 11 12 16 17 18 19 20 21 22 | 22.0

Action                   |  1- 3 |  4- 6 |  7- 9 | 10-12 | 13-15 | 16-18 | 19-21 | 22-24 | 25-27 || total
-------------------------+-------+-------+-------+-------+-------+-------+-------+-------+-------++-------
Melee: War axe           |    86 |   189 |   269 |   489 |    84 |       |       |       |       ||  1117
       Broad axe         |       |       |       |       |   971 |  1629 |  1846 |  1544 |  1657 ||  7647
       Morningstar       |       |       |       |       |    46 |       |       |       |       ||    46
       Headbutt          |       |       |       |       |       |       |   256 |   256 |       ||   512
Throw: Boomerang         |     4 |    22 |    24 |    63 |   170 |     1 |       |       |       ||   284
       Javelin           |       |       |       |    43 |    45 |    53 |   125 |    72 |   171 ||   509
Invok: Heroism           |       |       |    16 |    32 |    48 |    41 |    51 |    38 |    18 ||   244
       Finesse           |       |       |       |     1 |    17 |     8 |    12 |    15 |     2 ||    55
       Cleansing Flame   |       |       |       |       |       |       |       |       |    60 ||    60
       Summon Divine War |       |       |       |       |       |       |       |       |     9 ||     9
       Brand Weapon With |       |       |       |       |       |       |       |       |     1 ||     1
  Use: Scroll            |     1 |     4 |     7 |     6 |     3 |     3 |     3 |     7 |     6 ||    40
       Potion            |       |     1 |       |     4 |     2 |       |     1 |     3 |    10 ||    21
 Stab: Paralysed         |       |       |       |       |     1 |       |       |       |       ||     1
Armor: Scale mail        |    53 |    22 |       |       |       |       |       |       |       ||    75
       Plate armour      |       |   136 |   163 |   209 |   182 |       |       |       |       ||   690
       Crystal plate arm |       |       |       |       |   289 |   588 |   496 |   680 |   594 ||  2647
Dodge: Dodged            |    42 |    56 |    98 |    99 |   196 |   138 |   159 |   341 |   434 ||  1563
Block: Buckler           |    13 |    39 |    28 |       |       |       |       |       |       ||    80
       Kite shield       |       |       |    47 |   223 |   481 |    37 |       |       |       ||   788
       Tower shield      |       |       |       |       |       |   992 |   986 |  1129 |  1518 ||  4625
       Reflection        |       |       |       |       |       |       |       |     4 |    40 ||    44

Table legend:
 A = Non-vault XP
 B = Vault XP
 C = Vault XP percentage of total XP
 D = Non-vault monster count
 E = Vault monster count
 F = Vault count percentage of total count
                 A         B        C        D         E       F
            +---------+---------+-------+---------+---------+-------
      Total |  681447 |  656796 |  49.1 |    1281 |     850 |  39.9
            +---------+---------+-------+---------+---------+-------
        D:1 |      53 |       0 |   0.0 |      24 |       0 |   0.0
        D:2 |      82 |      35 |  29.9 |      24 |       1 |   4.0
        D:3 |      17 |      30 |  63.8 |       7 |       9 |  56.2
        D:4 |     255 |       0 |   0.0 |      26 |       0 |   0.0
        D:5 |     724 |     676 |  48.3 |      13 |      18 |  58.1
        D:6 |    1124 |     281 |  20.0 |      17 |       1 |   5.6
        D:7 |     688 |     101 |  12.8 |      20 |       4 |  16.7
        D:8 |    1253 |    1256 |  50.1 |      16 |       2 |  11.1
        D:9 |    3189 |    1248 |  28.1 |      21 |      10 |  32.3
       D:10 |    2325 |    2671 |  53.5 |      13 |       9 |  40.9
       D:11 |    4018 |       0 |   0.0 |      19 |       0 |   0.0
       D:12 |    4341 |    2239 |  34.0 |      16 |       8 |  33.3
       D:13 |    1975 |    4841 |  71.0 |       5 |      15 |  75.0
       D:14 |    8883 |       0 |   0.0 |      18 |       0 |   0.0
       D:15 |   13283 |    5176 |  28.0 |      25 |       6 |  19.4
     Lair:1 |    4685 |    1070 |  18.6 |      19 |       2 |   9.5
     Lair:2 |    5732 |       0 |   0.0 |      21 |       0 |   0.0
     Lair:3 |    4890 |    3489 |  41.6 |      23 |      11 |  32.4
     Lair:4 |    3019 |    2185 |  42.0 |       9 |       5 |  35.7
     Lair:5 |   17165 |    9176 |  34.8 |      47 |      51 |  52.0
   Shoals:1 |   12884 |    2546 |  16.5 |      26 |       2 |   7.1
   Shoals:2 |   14101 |       0 |   0.0 |      29 |       0 |   0.0
   Shoals:3 |   20419 |    1777 |   8.0 |      38 |       1 |   2.6
   Shoals:4 |    5929 |   22473 |  79.1 |      16 |      34 |  68.0
    Snake:1 |   11647 |       0 |   0.0 |      19 |       0 |   0.0
    Snake:2 |   20364 |   17514 |  46.2 |      39 |      33 |  45.8
    Snake:3 |   17175 |    9359 |  35.3 |      32 |      13 |  28.9
    Snake:4 |   11529 |   22348 |  66.0 |      26 |      27 |  50.9
      Orc:1 |    1785 |     520 |  22.6 |      23 |       4 |  14.8
      Orc:2 |    2066 |    8658 |  80.7 |      21 |      28 |  57.1
   Vaults:1 |   22696 |   23485 |  50.9 |      34 |      31 |  47.7
   Vaults:2 |   29209 |   27891 |  48.8 |      44 |      37 |  45.7
   Vaults:3 |   21207 |   23232 |  52.3 |      40 |      47 |  54.0
   Vaults:4 |   15722 |   60579 |  79.4 |      25 |      64 |  71.9
   Vaults:5 |   16078 |   40658 |  71.7 |      19 |      39 |  67.2
    Crypt:1 |   31615 |   10914 |  25.7 |      56 |       7 |  11.1
    Crypt:2 |   10245 |    2436 |  19.2 |      22 |       2 |   8.3
    Crypt:3 |   37293 |   27301 |  42.3 |      52 |      23 |  30.7
     Tomb:1 |    5607 |   90483 |  94.2 |      22 |      56 |  71.8
     Tomb:2 |    4863 |   36394 |  88.2 |      19 |      45 |  70.3
   Depths:1 |   34446 |    4138 |  10.7 |      32 |      16 |  33.3
   Depths:2 |   14329 |   59838 |  80.7 |      19 |      85 |  81.7
   Depths:3 |   43688 |   29018 |  39.9 |      51 |      31 |  37.8
   Depths:4 |   27778 |   39742 |  58.9 |      33 |      36 |  52.2
      Zot:1 |   19009 |       0 |   0.0 |      16 |       0 |   0.0
      Zot:2 |   27256 |   61018 |  69.1 |      22 |      37 |  62.7
      Zot:3 |   45568 |       0 |   0.0 |      31 |       0 |   0.0
      Zot:4 |   58822 |       0 |   0.0 |      48 |       0 |   0.0
    Abyss:3 |   20416 |       0 |   0.0 |      44 |       0 |   0.0
            +---------+---------+-------+---------+---------+-------
